Cogmind - Beta 13 *** ADVENTURER MODE // 2024.02.29 @ 00:39:56 Player: core_nxt Result: Destroyed 0b10! Performance ------------- Evolutions (9) 4500 Regions Visited (25) 5000 Robots Destroyed (1273) 6365 Value Destroyed (71445) 71445 Prototype IDs (158) 3160 Alien Tech Used (14) 2800 Bonus (87509) 87509 TOTAL SCORE: 180779 Bonus ------- Triggered High Security 5000 High Alert Combat Kills 59558 Follower Combat Kills 3892 Network Hubs Disabled 200 Met Imprinter 300 Was Imprinted 300 Met R17 at Cetus 500 Found Hidden Lab 3000 Used Core Reset Matrix 3000 Scanned by Researcher 1000 Pursued by Intercept 500 Met Sigix 2000 Integrated Exoskeleton 5000 Escaped with Sigix 5000 Win 3000 Friendly Fire -4741 Cogmind --------- Core Integrity 1063/1600 Matter 300/300 Energy 198/200 System Corruption 0% Temperature Cool (0) Movement Walking (90) Ox1 Location Tau Ceti IV Orbit Parts ------- > --- POWER (2) -------- Matter Drive > --- PROPULSION (3) --- Sigix Exoskeleton > --- UTILITY (9) ------ High-capacity Storage Unit Experimental Transmission Jammer Advanced Phase Shifter Zionite Weapon Casing Centrium Heavy Armor Plating Core Physics Calibrator Microwarp Drive > --- WEAPON (2) ------- Sigix Sheargun Sigix Sheargun > --- INVENTORY (20) --- Phase Armor Transdimensional Reconstructor Transdimensional Reconstructor Transdimensional Reconstructor High-powered Transdimensional Reconstructor Core Regenerator Terrabomb Terrabomb Core Cannon Z-bomb Delivery System Sigix Terminator (1) Sigix Broadsword Sigix Containment Pod Peak State ------------ > --- POWER ------------ Matter Drive > --- PROPULSION ------- Sigix Exoskeleton > --- UTILITY ---------- High-capacity Storage Unit Experimental Transmission Jammer Advanced Phase Shifter Zionite Weapon Casing Centrium Heavy Armor Plating Core Physics Calibrator Microwarp Drive > --- WEAPON ----------- Sigix Sheargun Sigix Sheargun > --- INVENTORY -------- Phase Armor Transdimensional Reconstructor Transdimensional Reconstructor Transdimensional Reconstructor High-powered Transdimensional Reconstructor Core Regenerator Terrabomb Terrabomb Core Cannon Z-bomb Delivery System Sigix Terminator Sigix Broadsword Sigix Containment Pod [Rating: 322] Favorites ----------- Power Light Antimatter Reactor Engine Improved Ion Engine Power Core Hybrid Fission Core Reactor Light Antimatter Reactor Propulsion Cooled Field Propulsion Drive Treads Advanced Heavy Siege Treads Leg Myomer Leg Hover Unit Backup Propulsion III Flight Unit Cooled Field Propulsion Drive Utility High-capacity Storage Unit Device Experimental Heat Sink Storage High-capacity Storage Unit Processor Improved Target Analyzer Hackware Deep Network Scanner Protection Centrium Medium Armor Plating Artifact Core Physics Calibrator Weapon Thermic Laser Energy Gun Thermic Laser Energy Cannon Advanced Beam Cannon Ballistic Gun Light Assault Rifle Launcher Rocket Array Special Weapon Mining Laser Impact Weapon Gravity Flail Slashing Weapon Sigix Broadsword Piercing Weapon Kinetic Spear Build | -11 -10 -10 -9 -9 -7 -6 -6 -6 -6 -6 -6 -5 -5 -5 -4 -4 -4 -4 -4 -3 -3 -2 -2 -2 -1 ------- Run | Yrd Mat Min Mat Min Zio Pro Fac Ext Cet Arc Hub Fac Upp Upp Fac Was Fac Arm Lab Res Qua Res Tes Sec Acc Slots Evolved 18 | . . . 2 . . . 6 . . . . 2 . . 2 . . . . 2 . 2 . . 2 Power . | . . . . . . . . . . . . 1 . . . . . . . . . . . . -1 Propulsion 4 | . . . 1 . . . 1 . . . . . . . . . . . . 1 . 1 . . . Utility 16 | . . . 1 . . . 4 . . . . 1 . . 2 . . . . 1 . 1 . . 6 Weapon -2 | . . . . . . . 1 . . . . . . . . . . . . . . . . . -3 Parts Attached 444 | . 4 5 15 . 5 23 42 3 4 . 20 38 6 7 44 13 45 33 6 58 19 5 25 20 4 Power 43 | . 1 3 2 . . 3 1 . . . 4 6 1 . 6 . 3 7 . 1 2 . 2 1 . Engine 9 | . 1 3 2 . . 2 1 . . . . . . . . . . . . . . . . . . Core 4 | . . . . . . 1 . . . . 1 1 . . 1 . . . . . . . . . . Reactor 30 | . . . . . . . . . . . 3 5 1 . 5 . 3 7 . 1 2 . 2 1 . Propulsion 108 | . . 2 2 . . 9 17 . . . 5 9 2 5 14 7 16 8 . 8 2 1 . 1 . Treads 16 | . . 2 1 . . 6 . . . . . . . . . 1 3 . . . 2 1 . . . Leg 49 | . . . . . . 3 2 . . . 1 . . 4 13 6 13 4 . 2 . . . 1 . Wheel . | . . . . . . . . . . . . . . . . . . . . . . . . . . Hover 4 | . . . 1 . . . 2 . . . . . . . 1 . . . . . . . . . . Flight 39 | . . . . . . . 13 . . . 4 9 2 1 . . . 4 . 6 . . . . . Utility 185 | . 3 . 5 . 5 3 10 2 2 . 7 15 1 1 16 2 17 10 2 47 14 4 5 10 4 Device 93 | . . . 1 . 3 1 6 . . . 4 4 1 . 8 1 10 5 1 31 9 1 4 1 2 Storage 10 | . 2 . 2 . . . . . . . . 2 . 1 1 . . . . . 1 . . 1 . Processor 21 | . 1 . . . . . 4 1 . . 1 . . . 1 . 3 1 . 6 3 . . . . Hackware 2 | . . . . . . . . . . . . . . . . . . . . 2 . . . . . Protection 57 | . . . 2 . 2 2 . 1 2 . 2 9 . . 6 1 4 4 1 8 1 3 1 7 1 Artifact 2 | . . . . . . . . . . . . . . . . . . . . . . . . 1 1 Weapon 108 | . . . 6 . . 8 14 1 2 . 4 8 2 1 8 4 9 8 4 2 1 . 18 8 . Energy Gun 80 | . . . 6 . . 6 9 1 1 . 4 8 2 1 8 3 9 5 3 2 . . 6 6 . Energy Cannon 7 | . . . . . . 2 . . . . . . . . . . . 2 1 . . . 2 . . Ballistic Gun 3 | . . . . . . . 1 . 1 . . . . . . 1 . . . . . . . . . Ballistic Cannon . | . . . . . . . . . . . . . . . . . . . . . . . . . . Launcher 2 | . . . . . . . 1 . . . . . . . . . . . . . . . 1 . . Special Weapon 8 | . . . . . . . 1 . . . . . . . . . . . . . . . 6 1 . Impact Weapon 1 | . . . . . . . 1 . . . . . . . . . . . . . . . . . . Slashing Weapon 6 | . . . . . . . . . . . . . . . . . . 1 . . 1 . 3 1 . Piercing Weapon 1 | . . . . . . . 1 . . . . . . . . . . . . . . . . . . Special Melee Weapon . | . . . . . . . . . . . . . . . . . . . . . . . . . . Unidentified Prototypes 59 | . . . . . 3 . 9 . 2 . 7 4 . . 5 . 3 6 5 6 4 . 3 2 . Corrupted Parts 2 | . . . . . . 1 . . . . 1 . . . . . . . . . . . . . . System Corruption 11 | . . . . . . 3 . . . . 8 . . . . . . . . . . . . . . Parts Lost 82 | . . 3 6 . . 14 2 1 . . 9 11 . 3 8 . 8 11 . 2 1 . 1 2 . Power 17 | . . 2 1 . . 3 . . . . 2 2 . 1 2 . . 4 . . . . . . . Propulsion 17 | . . 1 1 . . 4 . . . . 1 1 . 1 . . 3 4 . . . . . 1 . Utility 26 | . . . 1 . . 2 1 1 . . 2 6 . . 4 . 3 1 . 2 1 . 1 1 . Weapon 22 | . . . 3 . . 5 1 . . . 4 2 . 1 2 . 2 2 . . . . . . . Highest Loss Streak 9 | . . 2 4 . . 9 1 1 . . 4 5 . 3 4 . 7 4 . 1 1 . 1 2 . To Critical Strikes 1 | . . . . . . . . . . . . . . . . . . . . . . . . 1 . Average Slot Usage (%) 85 | . 95 99 89 100 100 90 94 96 100 100 94 89 55 51 82 89 94 79 93 97 82 81 79 54 67 Engine 3 | . 14 13 11 11 11 10 5 6 6 6 3 . . . . . . . . . . . . . . Reactor 4 | . . . . . . . . . . . 2 8 2 . 8 10 9 8 10 9 9 8 7 4 6 Treads 4 | . . 4 15 . . 21 . . . . . . . . . . . . . . 8 13 13 5 . Leg 8 | . 28 23 . . . 5 3 . . . . . . 12 20 19 19 8 . . . . . 4 6 Hover 3 | . . . 14 33 33 1 . . . . . . . . . . . . . . . . . . . Flight 5 | . . . . . . . 21 26 26 26 25 22 15 . . . . 7 21 22 2 . . . . Device 11 | . . . 2 . 4 6 17 7 6 6 6 8 4 5 14 18 21 10 14 16 19 20 19 8 11 Storage 6 | . 14 14 11 11 11 11 6 6 6 6 6 4 5 7 5 5 5 5 5 4 4 4 4 5 6 Processor 14 | . 10 14 11 11 11 11 16 26 26 26 27 24 18 17 16 15 19 21 21 14 9 8 8 3 . Protection 5 | . . . 3 11 6 3 . 1 6 6 3 4 2 . 6 6 3 8 9 8 11 12 12 7 12 Energy Gun 12 | . 14 14 20 22 22 19 18 13 20 20 15 12 2 4 7 11 13 7 11 13 9 4 3 10 12 Ballistic Gun 1 | . 14 14 1 . . . . . . . . . . . . . . . . . . . . . . Naked Turns . | . . . . . . . . . . . . . . . . . . . . . . . . . . Heaviest Build 124 | 10 45 45 60 60 60 65 73 70 70 70 70 78 79 65 89 105 105 111 119 119 120 108 121 124 108 Greatest Support 240 | 20 20 40 60 76 76 76 100 84 84 84 84 84 84 84 103 106 140 112 140 147 160 240 240 240 220 Greatest Overweight (x) 3 | . 2 2 1 2 . 2 3 . . . . . . 2 1 1 3 2 . 1 . . . 1 1 Average Overweight (x) . | . . 1 . 1 . . . . . . . . . . . . . . . . . . . . . Largest Inventory Capacity 25 | . 20 20 20 20 20 20 20 20 20 20 20 20 20 20 20 20 20 20 20 20 20 20 20 25 25 Average Capacity 19 | . 13 20 19 20 20 20 20 20 20 20 20 19 20 20 19 20 20 20 20 20 20 20 20 21 23 Most Carried 25 | . 10 11 13 14 20 20 20 20 20 20 20 20 16 15 20 20 20 18 20 20 20 20 20 25 23 Average Carried 16 | . 8 10 10 13 18 17 19 19 19 20 18 14 13 13 16 19 18 15 18 18 18 18 18 20 18 Final Capacity 25 | 8 20 20 20 20 20 20 20 20 20 20 20 20 20 20 20 20 20 20 20 20 20 20 20 25 20 Final Carried 25 | 6 10 8 12 14 19 14 20 19 20 20 18 11 12 13 19 16 17 17 20 20 20 18 20 25 18 Class Distribution -------------------- 27% | Mutant 12% | Scavenger-Mutant 10% | Sprinter 9% | Hacker-Mutant 9% | Messiah-Mutant 4% | Wizard-Sprinter 4% | Messiah-Gunner 3% | Scavenger-Gunner 3% | Messiah-Sprinter 3% | Alien-Sigix Dominant Class ---------------- Mutant | -10/Materials Mutant | -10/Mines Mutant | -9/Materials Mutant | -9/Mines Mutant | -7/Zion Scavenger-Mutant | -6/Proximity Caves Sprinter | -6/Factory Sprinter | -6/Extension Sprinter | -6/Cetus Sprinter | -6/Archives Sprinter | -6/Hub_04(d) Messiah-Sprinter | -5/Factory Mutant | -5/Upper Caves Mutant | -5/Upper Caves Messiah-Mutant | -4/Factory Messiah-Mutant | -4/Waste Scavenger-Gunner | -4/Factory Scavenger-Mutant | -4/Armory Scavenger-Scout | -4/Lab Wizard-Sprinter | -3/Research Hacker-Mutant | -3/Quarantine Hacker-Mutant | -2/Research Hacker-Mutant | -2/Testing Alien-Sigix | -2/Section 7 Alien-Sigix | -1/Access Resources | -11 -10 -10 -9 -9 -7 -6 -6 -6 -6 -6 -6 -5 -5 -5 -4 -4 -4 -4 -4 -3 -3 -2 -2 -2 -1 ----------- Run | Yrd Mat Min Mat Min Zio Pro Fac Ext Cet Arc Hub Fac Upp Upp Fac Was Fac Arm Lab Res Qua Res Tes Sec Acc Matter Collected 5786 | 200 70 41 171 . 40 321 487 20 50 . 205 612 120 137 417 30 519 344 178 780 208 65 523 214 34 Remotely . | . . . . . . . . . . . . . . . . . . . . . . . . . . Salvage Created 92463 | . 303 128 1549 150 . 1315 4724 1926 937 360 3880 9802 320 940 5110 1565 7955 11994 231 12658 4121 4806 3484 11834 2371 Parts 1770 | . 24 18 91 7 . 56 109 29 25 6 116 241 2 15 59 1 174 269 6 370 122 22 3 5 . Haulers Intercepted 34 | . 2 . 3 . . . 6 . . . . 1 . . 2 . 4 . . 9 1 . 2 . 4 Recyclers Shooed 3 | . . . . . . . 1 . . . . . . . 1 . . . . 1 . . . . . Parts Field Recycled . | . . . . . . . . . . . . . . . . . . . . . . . . . . Retrieved Matter . | . . . . . . . . . . . . . . . . . . . . . . . . . . Parts Self-Destructed 43 | . . . . . . 34 . . . . . . 2 7 . . . . . . . . . . . Prevented 28 | . . . . . . 27 . . . . . . . 1 . . . . . . . . . . . Kills | -11 -10 -10 -9 -9 -7 -6 -6 -6 -6 -6 -6 -5 -5 -5 -4 -4 -4 -4 -4 -3 -3 -2 -2 -2 -1 ------- Run | Yrd Mat Min Mat Min Zio Pro Fac Ext Cet Arc Hub Fac Upp Upp Fac Was Fac Arm Lab Res Qua Res Tes Sec Acc Combat Hostiles Destroyed 1088 | . 7 7 27 6 . 25 68 25 12 4 44 112 4 8 56 6 97 165 . 139 51 53 23 132 17 Guns 627 | . 7 7 24 6 . 16 46 13 5 4 17 47 1 5 24 2 77 145 . 131 41 7 . 2 . Cannons 4 | . . . . . . 4 . . . . . . . . . . . . . . . . . . . AOE 12 | . . . 2 . . . . . . . . 4 . . . . 3 . . . 3 . . . . Classes Destroyed 33 | . 4 1 5 . . 3 7 1 . . 3 . . 1 . 1 1 . . 2 1 . 1 2 . Worker 25 | . . . . . . . 3 . . . 2 1 . . 6 . 2 . . 9 1 . . 1 . Builder 16 | . . . . . . . 3 1 . . 1 . . . 2 . 2 . . 6 . . 1 . . Tunneler 3 | . . . . . . . 1 . . . 1 . . . 1 . . . . . . . . . . Hauler 34 | . 2 . 3 . . . 6 . . . . 1 . . 2 . 4 . . 9 1 . 2 . 4 Recycler 13 | . . . 1 . . . 3 . . . 1 . . . 4 . 1 . . 1 . . 1 . 1 Carrier 55 | . . . . . . . . 2 . . . 9 . 1 2 . 6 13 . 8 . 5 1 7 1 Mechanic 26 | . . . . . . . . . . . 1 2 . . . . 3 8 . 2 1 1 1 7 . Operator 19 | . . . 2 . . . 2 . . . . 2 . . . . 1 . . 5 2 . . 4 1 Drone 7 | . . . . . . 2 . . . . . . . . . . . . . 1 . . . 4 . Watcher 63 | . 3 . 4 . . . 3 . . . 4 8 . . 8 . 3 3 . 12 3 3 3 4 2 Swarmer 115 | . 6 6 4 3 . 7 22 . . . . 5 . . 5 . 4 13 . 24 7 5 . 4 . Cutter 9 | . . . . . . . . . . . 2 . . . . . . . . . . 4 . 3 . Saboteur 31 | . . . . . . . 1 . . . 1 3 . . 1 . 1 14 . 5 . 1 . 4 . Grunt 392 | . 1 . 13 3 . 7 22 9 4 . 18 52 1 7 25 . 38 39 . 53 20 23 14 37 6 Brawler 55 | . . . 1 . . 2 6 1 . . 1 7 1 . 2 . 2 8 . 8 5 6 . 4 1 Duelist 51 | . . . 1 . . 3 2 3 . . 3 1 1 . 3 . 5 15 . 4 4 1 1 4 . Protector 32 | . . . . . . . 1 . . . 1 4 . . 1 . 5 10 . 3 . 2 1 4 . Researcher 14 | . . . . . . . . . . . . . . . . . . . . . 5 . 8 1 . Sentry 122 | . . . 8 . . 2 4 10 . 4 8 20 1 . 4 . 10 6 . 21 3 5 . 15 1 Demolisher 2 | . . 1 . . . . . . . . . . . . . . . 1 . . . . . . . Specialist 6 | . . . . . . . . . . . . . . . . . 1 5 . . . . . . . Hunter 75 | . . . . . . 1 8 . . . 1 5 . . 4 . 12 16 . 8 3 2 . 13 2 Programmer 117 | . . . . . . . 2 . . . 1 14 . . 9 . 18 36 . 5 8 2 6 15 1 Heavy 11 | . . . . . . . 1 . . . . 1 . . 1 . 1 1 . 3 . 1 . 1 1 Q-Series 1 | . . . . . . . . . . . . . . . . . . . . . . . . 1 . Behemoth 16 | . . . . . . 1 1 2 . . 1 . . . 1 . . 1 . 3 . 1 . 2 3 Compactor 6 | . . . . . . . . . . . . . . . . 6 . . . . . . . . . Cetus Guard 8 | . . . . . . . . . 8 . . . . . . . . . . . . . . . . S7 Guard 2 | . . . . . . . . . . . . . . . . . . . . . . . . 2 . Lightning 7 | . . . . . . . . . . . 7 . . . . . . . . . . . . . . Tracker 2 | . . . . . . . . . . . . . . . . . . . . . . . . 2 . Combat Programmer 2 | . . . . . . . . . . . . . . . . . . . . . . . . 2 . Investigator 3 | . . . . . . . . . . . . . . . . . . . . 1 . 1 . 1 . Striker 5 | . . . . . . . . . . . . . . . . . . . . . . . . 3 2 Executioner 11 | . . . . . . . . . . . . . . . . . . . . 1 . . . 10 . Alpha 7 3 | . . . . . . . . . . . . . . . . . . . . . 1 . . 2 . Fortress 1 | . . . . . . . . . . . . . . . . . . . . . . . 1 . . Protovariant X 1 | . . . . . . . . . . . . . . . . . . . . . . . 1 . . Z-Light 2 | . . . . . . . . . . . 2 . . . . . . . . . . . . . . Wasp 1 | . . . . . . . . . . . . . . . . . 1 . . . . . . . . Thug 7 | . . . . . . . . 1 . . . . . 3 . . . . 3 . . . . . . Mutant 1 | . . . . . . . . . . . . . . 1 . . . . . . . . . . . Best Kill Streak 64 | . 3 3 6 4 . 12 11 11 4 4 13 42 2 5 26 2 23 64 . 46 47 39 10 38 22 Combat Bots Only 52 | . 3 3 6 4 . 12 10 10 4 4 11 37 2 5 10 2 19 52 . 42 8 31 7 32 10 Max Kills in Single Turn 6 | . 1 2 2 2 . 4 3 3 2 1 3 4 1 2 3 1 6 4 2 5 3 5 4 6 4 Gunslinging 2 | . . 1 . 1 . . 1 1 . . 1 1 . . . . 2 1 . 2 2 . . . . Exploded 4 | . . . 1 . . . . . . . . 4 . . . . 2 . . . 3 . . . . Melee . | . . . . . . . . . . . . . . . . . . . . . . . . . . Uniques/NPCs Destroyed 1 | . . . . . . . . . 1 . . . . . . . . . . . . . . . . A7 (-6/Cetus) Combat | -11 -10 -10 -9 -9 -7 -6 -6 -6 -6 -6 -6 -5 -5 -5 -4 -4 -4 -4 -4 -3 -3 -2 -2 -2 -1 -------- Run | Yrd Mat Min Mat Min Zio Pro Fac Ext Cet Arc Hub Fac Upp Upp Fac Was Fac Arm Lab Res Qua Res Tes Sec Acc Hostile Shots Fired 2242 | . 41 32 95 14 . 219 131 19 5 12 62 264 2 8 145 . 250 328 . 127 65 76 29 287 31 Missed 820 | . 15 3 26 2 . 48 54 9 2 5 27 112 1 . 39 . 98 124 . 62 16 27 12 120 18 Damage Taken 24160 | . 160 367 767 89 . 2397 1011 146 51 128 990 2947 18 124 1976 . 2304 3382 . 1603 1338 1193 438 2111 620 Core 4268 | . 16 83 159 13 . 571 147 14 . 16 197 831 18 28 208 . 356 331 . 410 32 19 32 250 537 Absorbed by Shields 39 | . . . . . . . . 7 . . . . . . . . . . . . . . . 32 . Redirected to Shielding 1818 | . . . . . . . . . . . . 375 . . . . . 318 . 137 299 337 112 240 . Ignored by Resistances 7969 | . 55 106 217 27 . 655 290 43 14 35 265 697 5 34 532 . 659 947 . 346 284 327 120 2024 287 Regen/Repaired (Parts) 3326 | . . . 168 . . . 371 . . . . 826 . . 1117 697 68 . . . . . 79 . . Core Remaining (%) 61 | 100 . 60 . . . 71 . . . . 56 . . 12 . . . . 47 . 66 . . 79 66 Volleys Fired 1324 | . 30 17 82 9 . 62 89 24 9 4 51 122 4 11 104 6 101 161 4 134 53 60 59 112 16 Largest 3 | . 2 2 2 2 . 2 3 3 3 3 3 3 1 1 3 3 3 3 3 3 3 1 1 2 2 Hottest 255 | . 60 60 112 112 . 138 255 255 255 255 255 255 10 10 201 189 243 251 195 195 195 65 65 200 200 Shots Fired 2397 | . 60 34 163 18 . 101 214 49 27 12 107 175 4 11 158 19 200 230 8 389 110 60 59 157 32 Gun 2348 | . 60 34 163 18 . 92 202 47 27 12 107 175 4 11 158 19 200 230 8 389 110 60 34 156 32 Cannon 9 | . . . . . . 9 . . . . . . . . . . . . . . . . . . . Launcher . | . . . . . . . . . . . . . . . . . . . . . . . . . . Special 40 | . . . . . . . 12 2 . . . . . . . . . . . . . . 25 1 . Kinetic 57 | . 30 17 10 . . . . . . . . . . . . . . . . . . . . . . Thermal 2041 | . 30 17 49 18 . 72 214 49 27 12 107 175 4 11 143 19 200 227 8 389 110 60 34 66 . Explosive . | . . . . . . . . . . . . . . . . . . . . . . . . . . Electromagnetic 106 | . . . 104 . . 2 . . . . . . . . . . . . . . . . . . . Slashing 149 | . . . . . . 27 . . . . . . . . . . . . . . . . . 90 32 Phasic 18 | . . . . . . . . . . . . . . . 15 . . 3 . . . . . . . Robot Hit Streak 69 | . 13 12 24 16 . 54 40 37 56 33 63 45 16 21 42 43 52 66 49 54 29 23 24 69 12 Robot Miss Streak 9 | . 2 3 4 1 . 6 6 2 1 1 4 3 1 1 3 4 4 8 2 5 8 4 4 9 3 Penetration Max 1 | . . . . . . . . . . . . . . . . . . . . . . . . 1 1 Secondary Targets 182 | . . 2 . 1 . 2 18 5 4 . 9 22 . . 6 . 34 5 . 40 13 . . 16 5 Max Gunslinging Chain 2 | . . 1 . 1 . 1 1 2 1 . 1 2 . . 1 . 2 1 . 2 2 . . 1 1 Shots Hit Robots 1824 | . 45 26 127 16 . 79 133 38 23 8 91 159 4 10 142 12 159 198 4 248 67 51 50 112 22 Core Hits 2214 | . 22 12 53 7 . 60 171 54 36 13 133 248 5 28 162 20 292 400 6 357 114 13 1 7 . Critical Kills 2 | . . . . . . 2 . . . . . . . . . . . . . . . . . . . Critical Parts Destroyed . | . . . . . . . . . . . . . . . . . . . . . . . . . . Critical Strikes 852 | . . . 5 . . 7 109 43 17 11 92 179 9 20 124 9 118 109 . . . . . . . Burn 847 | . . . 3 . . 5 109 43 17 11 92 179 9 20 123 9 118 109 . . . . . . . Meltdown 2 | . . . . . . 2 . . . . . . . . . . . . . . . . . . . Corrupt 2 | . . . 2 . . . . . . . . . . . . . . . . . . . . . . Intensify 1 | . . . . . . . . . . . . . . . 1 . . . . . . . . . . Melee Attacks 8 | . . . . . . . . . . . . . . . . . . . . . 6 1 . 1 . Impact . | . . . . . . . . . . . . . . . . . . . . . . . . . . Slashing 8 | . . . . . . . . . . . . . . . . . . . . . 6 1 . 1 . Piercing . | . . . . . . . . . . . . . . . . . . . . . . . . . . Sneak Attacks . | . . . . . . . . . . . . . . . . . . . . . . . . . . Combat Hostiles . | . . . . . . . . . . . . . . . . . . . . . . . . . . Follow-up Attacks . | . . . . . . . . . . . . . . . . . . . . . . . . . . Damage Inflicted 161502 | . 438 249 2098 277 . 2982 8613 2789 1517 504 6155 12901 371 1082 9386 1541 19700 35480 728 40180 11696 1432 65 1290 28 Guns 157151 | . 438 249 1773 277 . 2173 8271 2789 1517 504 6155 12509 371 1082 8847 1541 18470 35363 728 40026 11350 1432 . 1286 . Cannons 809 | . . . . . . 809 . . . . . . . . . . . . . . . . . . . Explosions 3388 | . . . 325 . . . 342 . . . . 392 . . 539 . 1230 117 . 154 289 . . . . Melee . | . . . . . . . . . . . . . . . . . . . . . . . . . . Ramming 154 | . . . . . . . . . . . . . . . . . . . . . 57 . 65 4 28 Kinetic 318 | . 168 95 55 . . . . . . . . . . . . . . . . . . . . . . Thermal 154808 | . 270 154 888 277 . 1843 8513 2789 1517 504 6155 12901 371 1082 8563 1541 19002 34902 728 40026 11350 1432 . . . Explosive 1837 | . . . . . . . 100 . . . . . . . 539 . 698 117 . 94 289 . . . . Electromagnetic 1248 | . . . 1155 . . 33 . . . . . . . . . . . . . 60 . . . . . Impact . | . . . . . . . . . . . . . . . . . . . . . . . . . . Slashing 2392 | . . . . . . 1106 . . . . . . . . . . . . . . . . . 1286 . Piercing . | . . . . . . . . . . . . . . . . . . . . . . . . . . Phasic 745 | . . . . . . . . . . . . . . . 284 . . 461 . . . . . . . Highest Corruption 17 | . . . . . . 3 . . . . 17 . . . 1 1 10 15 . . 7 2 4 4 . Average Corruption 3 | . . . . . . 3 . . . . 11 5 . . 1 1 1 5 . . 5 1 2 4 . Corruption Purged . | . . . . . . . . . . . . . . . . . . . . . . . . . . Corruption Blocked . | . . . . . . . . . . . . . . . . . . . . . . . . . . Effects 172 | . . . . . . 5 . . . . 7 29 . . 7 6 28 24 . . 21 8 16 21 . Message Errors 44 | . . . . . . 1 . . . . 1 6 . . 3 1 11 3 . . 5 2 4 7 . Matter Fused 37 | . . . . . . . . . . . 2 10 . . . 1 6 5 . . 2 2 3 6 . Heat Flow Errors 14 | . . . . . . . . . . . . 2 . . . . 3 . . . 4 3 1 1 . Energy Discharges 23 | . . . . . . 1 . . . . 2 4 . . 1 1 3 3 . . 5 . 2 1 . Parts Rejected 1 | . . . . . . 1 . . . . . . . . . . . . . . . . . . . Parts Fused 1 | . . . . . . . . . . . . . . . . . . . . . . . . 1 . Data Loss (minor) 26 | . . . . . . 1 . . . . . 4 . . 1 2 2 5 . . 2 1 6 2 . Data Loss (major) 8 | . . . . . . . . . . . 1 . . . . . 1 3 . . 2 . . 1 . Misfires 7 | . . . . . . 1 . . . . . 1 . . 1 1 1 1 . . 1 . . . . Alerts 6 | . . . . . . . . . . . . 1 . . 1 . 1 1 . . . . . 2 . Misdirections 2 | . . . . . . . . . . . 1 1 . . . . . . . . . . . . . Weapon Failures 3 | . . . . . . . . . . . . . . . . . . 3 . . . . . . . Overload Shots . | . . . . . . . . . . . . . . . . . . . . . . . . . . Overflow Damage 397 | . . . 36 . . 16 24 . . . . 59 . . 60 . 92 . . 16 94 . . . . Projectiles 16 | . . . . . . 16 . . . . . . . . . . . . . . . . . . . Explosions 381 | . . . 36 . . . 24 . . . . 59 . . 60 . 92 . . 16 94 . . . . Melee . | . . . . . . . . . . . . . . . . . . . . . . . . . . Knockbacks 2 | . . . . . . . . . . . . . . . . . . . . . 1 . . . 1 Impact 2 | . . . . . . . . . . . . . . . . . . . . . 1 . . . 1 Kinetic . | . . . . . . . . . . . . . . . . . . . . . . . . . . Secondary . | . . . . . . . . . . . . . . . . . . . . . . . . . . Self-Inflicted Damage 227 | . . . 58 . . . 60 . . . . . . . . . 80 . . 29 . . . . . Shots 7 | . . . 2 . . . 2 . . . . . . . . . 2 . . 1 . . . . . Rammed 4 | . . . . . . . . . . . . . . . . . . . . . 2 . 1 1 . Targets Rammed 6 | . . . . . . . . . . . . . . . . . . . . . 2 . 1 1 2 Kicked 2 | . . . . . . . . . . . . . . . . . . . . . . . . . 2 Crushed . | . . . . . . . . . . . . . . . . . . . . . . . . . . Highest Temperature 738 | . 73 80 354 258 . 596 505 263 369 361 319 633 338 29 12 . 379 447 . 738 13 . 5 90 . Average Temperature 141 | . 25 24 73 121 . 183 106 71 130 188 82 168 166 15 7 . 159 151 . 241 13 . 5 15 . Received Heat Transfer 4934 | . 33 120 339 30 . 864 327 321 . 27 99 783 . 57 427 . 396 315 . 225 123 108 63 277 . Effects 88 | . . . 2 . . 11 6 . . 1 3 37 6 . . . 5 1 . 16 . . . . . Shutdowns 4 | . . . . . . 1 . . . . . . . . . . . 1 . 2 . . . . . Energy Bleed 13 | . . . 2 . . 3 . . . . . 3 4 . . . 1 . . . . . . . . Interference 28 | . . . . . . 3 5 . . 1 3 10 . . . . 3 . . 3 . . . . . Matter Decay 15 | . . . . . . 3 1 . . . . 6 1 . . . 1 . . 3 . . . . . Short Circuit 2 | . . . . . . . . . . . . 1 1 . . . . . . . . . . . . Damage (minor) 4 | . . . . . . . . . . . . 3 . . . . . . . 1 . . . . . Damage (major) 16 | . . . . . . . . . . . . 11 . . . . . . . 5 . . . . . Damage (core) 6 | . . . . . . 1 . . . . . 3 . . . . . . . 2 . . . . . Siege Activations . | . . . . . . . . . . . . . . . . . . . . . . . . . . Robots Corrupted 1 | . . . 1 . . . . . . . . . . . . . . . . . . . . . . Combat Hostiles 1 | . . . 1 . . . . . . . . . . . . . . . . . . . . . . Parts Fried 12 | . . . 9 . . 1 . . . . . . . . . . . . . 2 . . . . . Impact Corruptions . | . . . . . . . . . . . . . . . . . . . . . . . . . . Robots Melted 265 | . . . . . . 5 28 14 8 . 28 73 3 6 38 4 23 22 . 11 1 1 . . . Combat Hostiles 223 | . . . . . . 5 22 12 7 . 27 61 3 3 32 4 17 20 . 8 1 1 . . . Parts Melted 2065 | . . 1 5 . . 20 175 78 43 26 244 576 20 54 206 34 197 201 2 152 24 7 . . . Heat Transferred 297690 | . 600 350 1907 592 . 3811 31471 11900 5600 2500 22971 47577 1900 4900 33736 4033 33312 43777 703 34752 9966 1332 . . . Parts Sabotaged 8 | . . . . . . . . . . . . . . . . . 4 4 . . . . . . . Parts Stolen . | . . . . . . . . . . . . . . . . . . . . . . . . . . Parts Stripped 2430 | . . . . . . . . . . . . . . . . . . . . . 61 385 383 1350 251 Power Chain Reactions 7 | . . . 7 . . . . . . . . . . . . . . . . . . . . . . Alert | -11 -10 -10 -9 -9 -7 -6 -6 -6 -6 -6 -6 -5 -5 -5 -4 -4 -4 -4 -4 -3 -3 -2 -2 -2 -1 ------- Run | Yrd Mat Min Mat Min Zio Pro Fac Ext Cet Arc Hub Fac Upp Upp Fac Was Fac Arm Lab Res Qua Res Tes Sec Acc Peak Influence 6565 | . 172 130 379 140 . . 2161 1875 1484 686 1743 4488 . . 2133 565 5205 6565 . 4694 3993 3375 2610 5441 3945 Initial 2856 | . . . 6 19 . . 450 1100 1100 500 200 735 . . 666 565 224 2198 . . 2299 1956 1653 1278 2856 Average 1895 | . 95 49 194 34 . . 1379 1448 1284 663 1199 2023 . . 1287 500 3467 4673 . 1407 3372 2172 2116 3585 3313 Maximum Alert Level 5 | . . . 1 . . . 5 5 4 2 5 5 . . 5 2 5 5 . 5 5 5 5 5 5 Low Security (%) 15 | . 100 100 33 100 . . . . . . . . . . . . . . . 11 . . . . . Level 1 8 | . . . 66 . . . . . . . 3 . . . . 31 8 . . 11 . . . . . Level 2 5 | . . . . . . . 9 . . 100 8 . . . 1 68 13 . . 8 . . . . . Level 3 10 | . . . . . . . 15 . . . 25 15 . . 50 . 3 . . 15 . . . . . Level 4 12 | . . . . . . . 45 66 100 . 43 22 . . 21 . 3 . . 18 . . . 13 . Level 5 19 | . . . . . . . 22 30 . . 18 28 . . 25 . . 1 . 4 100 58 81 7 21 High Security 27 | . . . . . . . 7 3 . . . 33 . . . . 70 98 . 31 . 41 18 79 78 Max Security . | . . . . . . . . . . . . . . . . . . . . . . . . . . Sterilizations 4 | . . . . . . . . . . . . . . . . . 1 1 . 1 . . . 1 . Squads Dispatched 236 | . . . 2 . . 1 17 3 . . 11 36 . . 14 . 34 32 . 21 10 11 8 28 8 Investigation 10 | . . . 1 . . . 1 1 . . 3 . . . 2 . 1 . . 1 . . . . . Extermination 18 | . . . . . . . 1 . . . 1 2 . . 6 . 1 . . 1 2 1 2 1 . Reinforcement 10 | . . . 1 . . . 1 . . . 2 1 . . . . 3 . . . . 1 . 1 . Assault 178 | . . . . . . 1 9 2 . . 3 27 . . 6 . 25 32 . 19 8 9 6 23 8 Garrison 17 | . . . . . . . 5 . . . 2 6 . . . . 4 . . . . . . . . Intercept 3 | . . . . . . . . . . . . . . . . . . . . . . . . 3 . Searches Triggered . | . . . . . . . . . . . . . . . . . . . . . . . . . . Construction Impeded . | . . . . . . . . . . . . . . . . . . . . . . . . . . Haulers Reinforced 1 | . . . . . . . . . . . . . . . . . 1 . . . . . . . . Active Scanning Responses . | . . . . . . . . . . . . . . . . . . . . . . . . . . Cargo Convoy Interrupts 2 | . . . . . . . 1 . . . . . . . . . 1 . . . . . . . . Stealth | -11 -10 -10 -9 -9 -7 -6 -6 -6 -6 -6 -6 -5 -5 -5 -4 -4 -4 -4 -4 -3 -3 -2 -2 -2 -1 --------- Run | Yrd Mat Min Mat Min Zio Pro Fac Ext Cet Arc Hub Fac Upp Upp Fac Was Fac Arm Lab Res Qua Res Tes Sec Acc Distress Signals 30 | . 1 . 3 . . . 2 1 2 . 2 2 . . 5 . 3 3 . 2 . 1 . 2 1 Communications Jammed 470 | . . . . . . . . . . . . . . . . . . 32 . 51 1 4 1 27 354 Distress Signals 464 | . . . . . . . . . . . . . . . . . . 32 . 46 1 3 1 27 354 Times Spotted 1366 | . 16 13 37 6 . 36 83 32 16 4 64 149 3 7 88 . 164 185 . 131 55 60 29 163 25 Peak Tracking Total 18 | . 5 6 7 3 . 10 6 8 5 2 12 18 3 5 8 . 18 17 . 16 9 10 5 15 10 Tactical Retreats 33 | . 1 . 1 . . 1 2 5 . . 1 3 . . . . 5 1 . 3 3 1 . 1 5 Traps | -11 -10 -10 -9 -9 -7 -6 -6 -6 -6 -6 -6 -5 -5 -5 -4 -4 -4 -4 -4 -3 -3 -2 -2 -2 -1 ------- Run | Yrd Mat Min Mat Min Zio Pro Fac Ext Cet Arc Hub Fac Upp Upp Fac Was Fac Arm Lab Res Qua Res Tes Sec Acc Traps Triggered 21 | . . . 1 . . . . 2 . . 1 2 . . 2 . 3 3 . 2 1 1 2 . 1 Indirectly . | . . . . . . . . . . . . . . . . . . . . . . . . . . Trap Hack Attempts . | . . . . . . . . . . . . . . . . . . . . . . . . . . Triggered . | . . . . . . . . . . . . . . . . . . . . . . . . . . Disarmed . | . . . . . . . . . . . . . . . . . . . . . . . . . . Reprogrammed . | . . . . . . . . . . . . . . . . . . . . . . . . . . Reused . | . . . . . . . . . . . . . . . . . . . . . . . . . . Traps Extracted . | . . . . . . . . . . . . . . . . . . . . . . . . . . Installed . | . . . . . . . . . . . . . . . . . . . . . . . . . . Triggered 2 | . . . . . . . . . . . . . 1 1 . . . . . . . . . . . Machines | -11 -10 -10 -9 -9 -7 -6 -6 -6 -6 -6 -6 -5 -5 -5 -4 -4 -4 -4 -4 -3 -3 -2 -2 -2 -1 ---------- Run | Yrd Mat Min Mat Min Zio Pro Fac Ext Cet Arc Hub Fac Upp Upp Fac Was Fac Arm Lab Res Qua Res Tes Sec Acc Machines Disabled 180 | . . . 2 . . . 11 2 . 1 8 3 . 1 21 . 13 23 2 22 21 . 14 33 3 Max in Single Turn 4 | . . . 1 . . . 4 1 . 1 1 2 . 1 4 . 1 2 1 4 3 . 3 4 1 Garrison Access 10 | . . . . . . . 2 . . . 2 2 . . . . 1 . . 2 . . . 1 . Network Hub 1 | . . . . . . . . . . . 1 . . . . . . . . . . . . . . Machines Repaired 8 | . . . . . . . . . . . . . . . 3 . . . . 1 1 . 2 1 . Machines Dismantled . | . . . . . . . . . . . . . . . . . . . . . . . . . . Machines Sabotaged . | . . . . . . . . . . . . . . . . . . . . . . . . . . Overloaded Fab Kills . | . . . . . . . . . . . . . . . . . . . . . . . . . . Hacking | -11 -10 -10 -9 -9 -7 -6 -6 -6 -6 -6 -6 -5 -5 -5 -4 -4 -4 -4 -4 -3 -3 -2 -2 -2 -1 --------- Run | Yrd Mat Min Mat Min Zio Pro Fac Ext Cet Arc Hub Fac Upp Upp Fac Was Fac Arm Lab Res Qua Res Tes Sec Acc Machines Accessed 47 | . 8 . 10 . . . 4 5 1 . 1 2 . . 6 . . . 1 2 3 1 2 . 1 Terminals 26 | . 8 . 8 . . . . 5 1 . . . . . . . . . . . 3 . . . 1 Fabricators 4 | . . . . . . . . . . . . . . . 4 . . . . . . . . . . Repair Stations 6 | . . . 1 . . . 1 . . . . 1 . . 2 . . . . . . . 1 . . Recycling Units . | . . . . . . . . . . . . . . . . . . . . . . . . . . Scanalyzers 7 | . . . 1 . . . 1 . . . . 1 . . . . . . . 2 . 1 1 . . Garrison Access 3 | . . . . . . . 2 . . . 1 . . . . . . . . . . . . . . Total Hacks 479 | . 15 . 73 . . . 96 7 1 . 1 122 . . 73 . . . 1 71 5 1 10 . 3 Successful 276 | . 10 . 54 . . . 47 5 1 . 1 43 . . 38 . . . 1 64 3 . 8 . 1 Failed 203 | . 5 . 19 . . . 49 2 . . . 79 . . 35 . . . . 7 2 1 2 . 2 Catastrophic 47 | . 2 . 2 . . . 6 . . . . 24 . . 10 . . . . 1 . . . . 2 Database Lockouts . | . . . . . . . . . . . . . . . . . . . . . . . . . . Manual 354 | . 7 . 6 . . . 39 18 1 . 45 41 . . 60 . 12 . . 35 32 3 27 16 12 Terminals 64 | . 15 . 33 . . . . 7 1 . . . . . . . . . . . 5 . . . 3 Fabricators 30 | . . . . . . . . . . . . . . . 30 . . . . . . . . . . Repair Stations 201 | . . . 12 . . . 37 . . . . 103 . . 43 . . . . . . . 6 . . Recycling Units . | . . . . . . . . . . . . . . . . . . . . . . . . . . Scanalyzers 178 | . . . 28 . . . 55 . . . . 19 . . . . . . . 71 . 1 4 . . Garrison Access 5 | . . . . . . . 4 . . . 1 . . . . . . . . . . . . . . Terminal Hacks 34 | . 7 . 16 . . . . 5 1 . . . . . . . . . 1 . 3 . . . 1 Record 3 | . . . . . . . . . . . . . . . . . . . 1 . 2 . . . . Robot Analysis 2 | . 1 . 1 . . . . . . . . . . . . . . . . . . . . . . Prototype ID Bank 5 | . 1 . 4 . . . . . . . . . . . . . . . . . . . . . . Open Door 8 | . . . . . . . . 5 1 . . . . . . . . . . . 1 . . . 1 Level Access Points 1 | . 1 . . . . . . . . . . . . . . . . . . . . . . . . Branch Access Points 1 | . . . 1 . . . . . . . . . . . . . . . . . . . . . . Emergency Access Points 1 | . . . 1 . . . . . . . . . . . . . . . . . . . . . . Unreport Threat 1 | . . . 1 . . . . . . . . . . . . . . . . . . . . . . Locate Traps 2 | . 2 . . . . . . . . . . . . . . . . . . . . . . . . Maintenance Status 1 | . . . 1 . . . . . . . . . . . . . . . . . . . . . . Recall Investigation 1 | . . . 1 . . . . . . . . . . . . . . . . . . . . . . Hauler Manifests 2 | . . . 2 . . . . . . . . . . . . . . . . . . . . . . Registered Components 2 | . 1 . 1 . . . . . . . . . . . . . . . . . . . . . . Registered Prototypes 2 | . 1 . 1 . . . . . . . . . . . . . . . . . . . . . . Zone Layout 2 | . . . 2 . . . . . . . . . . . . . . . . . . . . . . Fabricator Hacks 3 | . . . . . . . . . . . . . . . 3 . . . . . . . . . . Network Status 1 | . . . . . . . . . . . . . . . 1 . . . . . . . . . . Load Schematic 2 | . . . . . . . . . . . . . . . 2 . . . . . . . . . . Repair Station Hacks 90 | . . . 7 . . . 20 . . . . 36 . . 23 . . . . . . . 4 . . Scan Component 50 | . . . 3 . . . 11 . . . . 20 . . 13 . . . . . . . 3 . . Repair 38 | . . . 2 . . . 9 . . . . 16 . . 10 . . . . . . . 1 . . Refit 2 | . . . 2 . . . . . . . . . . . . . . . . . . . . . . Recycling Unit Hacks . | . . . . . . . . . . . . . . . . . . . . . . . . . . Scanalyzer 128 | . . . 28 . . . 25 . . . . 7 . . . . . . . 64 . . 4 . . Insert Component 62 | . . . 14 . . . 13 . . . . 3 . . . . . . . 31 . . 1 . . Analyze 66 | . . . 14 . . . 12 . . . . 4 . . . . . . . 33 . . 3 . . Garrison Access Hacks 3 | . . . . . . . 2 . . . 1 . . . . . . . . . . . . . . Seal Access 3 | . . . . . . . 2 . . . 1 . . . . . . . . . . . . . . Unauthorized Hacks 18 | . 3 . 3 . . . . . . . . . . . 12 . . . . . . . . . . Terminals 6 | . 3 . 3 . . . . . . . . . . . . . . . . . . . . . . Botnet 6 | . 3 . 3 . . . . . . . . . . . . . . . . . . . . . . Fabricators 12 | . . . . . . . . . . . . . . . 12 . . . . . . . . . . Report 2 | . . . . . . . . . . . . . . . 2 . . . . . . . . . . Prioritize 1 | . . . . . . . . . . . . . . . 1 . . . . . . . . . . Liberate 3 | . . . . . . . . . . . . . . . 3 . . . . . . . . . . Fabnet 3 | . . . . . . . . . . . . . . . 3 . . . . . . . . . . Haulers 1 | . . . . . . . . . . . . . . . 1 . . . . . . . . . . Recompile 2 | . . . . . . . . . . . . . . . 2 . . . . . . . . . . Repair Stations . | . . . . . . . . . . . . . . . . . . . . . . . . . . Recycling Units . | . . . . . . . . . . . . . . . . . . . . . . . . . . Scanalyzers . | . . . . . . . . . . . . . . . . . . . . . . . . . . Garrison Access . | . . . . . . . . . . . . . . . . . . . . . . . . . . Data Cores Recovered 14 | . . . 1 . . . 2 . . . . 1 . . . . . . . 5 2 . . 2 1 Used . | . . . . . . . . . . . . . . . . . . . . . . . . . . Hacking Detections 38 | . 6 . 6 . . . 8 . . . . 8 . . 4 . . . . 2 1 1 1 . 1 Full Trace Events . | . . . . . . . . . . . . . . . . . . . . . . . . . . Feedback Events . | . . . . . . . . . . . . . . . . . . . . . . . . . . Feedback Blocked . | . . . . . . . . . . . . . . . . . . . . . . . . . . Robot Schematics Acquired 26 | . . . . . 3 . . . . . 8 . . . . . . . . . 10 . . 5 . Robots Built . | . . . . . . . . . . . . . . . . . . . . . . . . . . Authchips . | . . . . . . . . . . . . . . . . . . . . . . . . . . Time . | . . . . . . . . . . . . . . . . . . . . . . . . . . Total Robot Build Rating . | . . . . . . . . . . . . . . . . . . . . . . . . . . Part Schematics Acquired 261 | . . . 14 . 14 . 54 . . . 14 36 . . 10 . 11 . . 72 16 . 20 . . Parts Built . | . . . . . . . . . . . . . . . . . . . . . . . . . . Authchips . | . . . . . . . . . . . . . . . . . . . . . . . . . . Time . | . . . . . . . . . . . . . . . . . . . . . . . . . . Total Part Build Rating . | . . . . . . . . . . . . . . . . . . . . . . . . . . Parts Repaired 37 | . . . 2 . . . 8 . . . . 16 . . 10 . . . . . . . 1 . . Time 1306 | . . . 31 . . . 289 . . . . 506 . . 418 . . . . . . . 62 . . Parts Recycled . | . . . . . . . . . . . . . . . . . . . . . . . . . . Recycled Matter . | . . . . . . . . . . . . . . . . . . . . . . . . . . Retrieved Matter . | . . . . . . . . . . . . . . . . . . . . . . . . . . Retrieved Components . | . . . . . . . . . . . . . . . . . . . . . . . . . . Parts Scanalyzed 56 | . . . 14 . . . 9 . . . . 3 . . . . . . . 29 . . 1 . . Part Schematics Acquired 57 | . . . 14 . . . 9 . . . . 3 . . . . . . . 30 . . 1 . . Parts Damaged 6 | . . . 2 . . . 3 . . . . . . . . . . . . 1 . . . . . Bothacking | -11 -10 -10 -9 -9 -7 -6 -6 -6 -6 -6 -6 -5 -5 -5 -4 -4 -4 -4 -4 -3 -3 -2 -2 -2 -1 ------------ Run | Yrd Mat Min Mat Min Zio Pro Fac Ext Cet Arc Hub Fac Upp Upp Fac Was Fac Arm Lab Res Qua Res Tes Sec Acc Used RIF Installer . | . . . . . . . . . . . . . . . . . . . . . . . . . . Robots Hacked 18 | . . . . . . . . . . . . . . . . . . . . 5 2 . 7 4 . Non-combat 4 | . . . . . . . . . . . . . . . . . . . . . . . 4 . . Combat 14 | . . . . . . . . . . . . . . . . . . . . 5 2 . 3 4 . Robot Hacks Applied 9 | . . . . . . . . . . . . . . . . . . . . . . . 8 1 . parse_system 9 | . . . . . . . . . . . . . . . . . . . . . . . 8 1 . Relay Couplers Released 7 | . . . . . . . . . . . 1 . . . . . . . . 4 . . . 2 . Machine Destruction 7 | . . . . . . . . . . . 1 . . . . . . . . 4 . . . 2 . Fabnet Peak Effective % 6 | . . . . . . . . . . . . . . . . . . . . 6 6 2 2 2 . Autooverrided 10 | . . . . . . . . . . . . . . . . . . . . 5 2 . . 3 . Robots Rewired 3 | . . . . . . 2 . . . . . . . . . . . . . . . . 1 . . Allies Hacked 4 | . . . . . . . . . . . . . . . 2 . 2 . . . . . . . . Hacks Repelled . | . . . . . . . . . . . . . . . . . . . . . . . . . . Allies | -11 -10 -10 -9 -9 -7 -6 -6 -6 -6 -6 -6 -5 -5 -5 -4 -4 -4 -4 -4 -3 -3 -2 -2 -2 -1 -------- Run | Yrd Mat Min Mat Min Zio Pro Fac Ext Cet Arc Hub Fac Upp Upp Fac Was Fac Arm Lab Res Qua Res Tes Sec Acc Total Allies 110 | . . . . 1 4 2 1 12 4 . 4 2 . . 8 19 . 3 . 5 2 . 1 3 39 Largest Group 38 | . . . . 1 4 4 2 7 7 6 6 2 . . 5 19 19 3 3 1 . . 1 1 38 Highest-Rated Group 753 | . . . . 31 151 151 52 443 508 412 436 170 . . 494 684 684 138 138 106 . . 161 69 753 Highest-Rated Ally 161 | . . . . 31 39 39 32 159 159 96 96 85 . . 103 50 50 46 46 106 . . 161 69 122 Zionite Dispatches 11 | . . . . . . . 1 2 . . 2 1 . . 2 . . . . . . . . . 3 Heavy 3 | . . . . . . . . . . . . 1 . . 1 . . . . . . . . . 1 Light 3 | . . . . . . . . 1 . . 1 . . . 1 . . . . . . . . . . Recon 1 | . . . . . . . . 1 . . . . . . . . . . . . . . . . . Thermal Resupply 1 | . . . . . . . . . . . . . . . . . . . . . . . . . 1 Defense Resupply 1 | . . . . . . . . . . . 1 . . . . . . . . . . . . . . Hover Resupply 1 | . . . . . . . 1 . . . . . . . . . . . . . . . . . . Zionite Resupply 1 | . . . . . . . . . . . . . . . . . . . . . . . . . 1 Total Orders . | . . . . . . . . . . . . . . . . . . . . . . . . . . Ally Attacks 589 | . . . . . . 28 . 61 9 7 76 8 . . 78 . 197 . . 1 1 . 1 5 117 Total Damage 23462 | . . . . . . 635 . 1229 268 207 1926 588 . . 4283 . 12029 . . 16 . . . 266 2015 Kills 124 | . . . . . . 3 . 8 3 1 13 3 . . 20 . 62 . . . . . . . 11 Allies Corrupted 3 | . . . . . . . . 1 . . . . . . 2 . . . . . . . . . . Allies Melted 1 | . . . . . . . . . 1 . . . . . . . . . . . . . . . . Intel | -11 -10 -10 -9 -9 -7 -6 -6 -6 -6 -6 -6 -5 -5 -5 -4 -4 -4 -4 -4 -3 -3 -2 -2 -2 -1 ------- Run | Yrd Mat Min Mat Min Zio Pro Fac Ext Cet Arc Hub Fac Upp Upp Fac Was Fac Arm Lab Res Qua Res Tes Sec Acc Robot Analysis Total 2 | . 1 . 1 . . . . . . . . . . . . . . . . . . . . . . Derelict Logs Recovered 8 | . . 1 . 2 . 2 . . . . . . 1 2 . . . . . . . . . . . Drone Launches . | . . . . . . . . . . . . . . . . . . . . . . . . . . Drone Recoveries . | . . . . . . . . . . . . . . . . . . . . . . . . . . Zionite Intel Received 72 | . . . . . . . 9 3 . . 9 10 . . 6 . 3 . . 10 9 . 8 4 1 Main Access 2 | . . . . . . . . . . . . . . . . . . . . 1 . . 1 . . Branch Access 4 | . . . . . . . . . . . 1 1 . . . . . . . . 1 . . 1 . Emergency Access 7 | . . . . . . . 1 . . . 1 1 . . 1 . 1 . . . . . 1 1 . Guard Positions 1 | . . . . . . . 1 . . . . . . . . . . . . . . . . . . Component Stockpiles 4 | . . . . . . . 1 . . . 1 1 . . 1 . . . . . . . . . . Prototype Stockpiles 6 | . . . . . . . 1 1 . . 1 . . . . . . . . 1 1 . . 1 . Component Schematics 5 | . . . . . . . 3 . . . 1 1 . . . . . . . . . . . . . Prototype Schematics 10 | . . . . . . . . . . . . 2 . . 1 . 1 . . 4 1 . 1 . . Unaware Schematics 5 | . . . . . . . . . . . 2 . . . . . . . . . 2 . . 1 . Unaware Analyses 10 | . . . . . . . 1 1 . . . 2 . . 1 . 1 . . 1 1 . 1 . 1 Trap Installations 4 | . . . . . . . 1 . . . . . . . . . . . . 1 1 . 1 . . Active Terminals 4 | . . . . . . . . 1 . . . . . . 1 . . . . . 1 . 1 . . Active Garrisons 3 | . . . . . . . . . . . 1 . . . . . . . . 1 1 . . . . Depthwide Sectors/0 4 | . . . . . . . . . . . 1 1 . . . . . . . 1 . . 1 . . Depthwide Sectors/-1 3 | . . . . . . . . . . . . 1 . . 1 . . . . . . . 1 . . Exploration | -11 -10 -10 -9 -9 -7 -6 -6 -6 -6 -6 -6 -5 -5 -5 -4 -4 -4 -4 -4 -3 -3 -2 -2 -2 -1 ------------- Run | Yrd Mat Min Mat Min Zio Pro Fac Ext Cet Arc Hub Fac Upp Upp Fac Was Fac Arm Lab Res Qua Res Tes Sec Acc Turns Passed 28131 | . 923 1031 2109 861 836 1774 1472 641 151 96 447 1645 363 1716 2818 588 2893 1463 157 1592 1177 816 959 1289 314 Spaces Moved 25231 | 1 535 379 1086 569 956 811 2313 1206 188 124 722 2351 479 703 1618 396 1855 1548 221 2950 955 574 923 1154 614 Core . | . . . . . . . . . . . . . . . . . . . . . . . . . . Treads 3998 | . . 65 483 . . 634 . . . . . . . . . 21 35 . . . 728 574 923 535 . Legs 7027 | 1 535 314 . . . 159 242 . . . . . . 664 1618 375 1820 320 . . . . . 619 360 Wheels . | . . . . . . . . . . . . . . . . . . . . . . . . . . Hover 2146 | . . . 603 569 956 18 . . . . . . . . . . . . . . . . . . . Flight 11806 | . . . . . . . 2071 1206 188 124 722 2351 479 39 . . . 1228 221 2950 227 . . . . Fastest Speed 25 | 120 120 240 52 72 72 72 26 31 31 31 27 29 31 31 102 102 110 31 31 25 25 80 80 30 30 Average Speed 80 | 120 153 256 159 138 72 190 32 31 31 31 30 31 32 183 124 120 127 59 31 26 100 90 80 79 44 Slowest Speed 330 | 120 260 260 240 224 72 260 279 31 31 31 34 34 37 260 190 225 330 265 31 94 160 160 80 90 90 Overloaded Moves 1 | . . . . . . . . . . . 1 . . . . . . . . . . . . . . Propulsion Burnouts . | . . . . . . . . . . . . . . . . . . . . . . . . . . Robots Hopped 104 | . . . . . . . 15 66 . 3 4 5 . . . . . . . 11 . . . . . Cave-ins Triggered 1 | . . . . . . . . . . . . . . . . . . . . . 1 . . . . Microwarps 18 | . . . . . . . . . . . . . . . . . . . . . . . . . 18 Exploration Rate (%) 73 | 1 89 80 81 95 90 91 61 98 62 79 83 66 62 90 55 95 62 92 97 81 85 20 91 73 20 Regions Visited 25 Branch Regions 15 Pre-discovered Areas 33 | . . . . 1 2 . . . . . 10 10 . . 3 . . . . 3 . . 4 . . Known Exits Taken 22 | . 1 1 1 1 1 1 1 1 1 1 1 1 1 1 . . 1 1 1 1 1 1 1 1 . Unknown Exits Taken 1 | 1 . . . . . . . . . . . . . . . . . . . . . . . . . Scrap Searched 13 | . . 1 . 1 3 4 . . . . . . 2 2 . . . . . . . . . . . Spaces Dug 93 | . . . . . . . 7 . . . . . . . 7 . . 5 . 38 14 1 1 20 . Terrain Destroyed 1643 | . . . 40 . . . 87 . . . . 7 . . 49 . 110 176 4 455 332 65 100 131 87 Melee 4 | . . . . . . . . . . . . . . . . . . . . . 3 1 . . . Projectile 1330 | . . . . . . . 7 . . . . . . . 11 . 9 172 4 450 308 64 100 131 74 AOE 309 | . . . 40 . . . 80 . . . . 7 . . 38 . 101 4 . 5 21 . . . 13 Terrain Rammed . | . . . . . . . . . . . . . . . . . . . . . . . . . . Walls Destroyed . | . . . . . . . . . . . . . . . . . . . . . . . . . . Machines Disabled . | . . . . . . . . . . . . . . . . . . . . . . . . . . Actions | -11 -10 -10 -9 -9 -7 -6 -6 -6 -6 -6 -6 -5 -5 -5 -4 -4 -4 -4 -4 -3 -3 -2 -2 -2 -1 --------- Run | Yrd Mat Min Mat Min Zio Pro Fac Ext Cet Arc Hub Fac Upp Upp Fac Was Fac Arm Lab Res Qua Res Tes Sec Acc Total 30807 | . 586 409 1301 623 1101 944 2817 1354 261 168 841 3092 683 1121 2271 496 2206 1919 303 3451 1074 808 1108 1383 487 Wait 3517 | . 10 1 93 44 134 18 335 177 55 44 29 542 187 396 442 67 172 152 57 228 . 169 72 6 87 Move 24777 | . 534 378 1085 568 955 810 2283 1087 187 117 713 2340 478 702 1618 395 1854 1547 220 2927 954 573 922 1153 377 Hop 89 | . . . . . . . 14 52 . 3 4 5 . . . . . . . 11 . . . . . Pick Up 199 | . 5 4 15 2 6 10 19 . 1 . 5 21 . 1 30 1 11 6 7 20 8 . 2 25 . Fast Attach 274 | . 1 1 6 . . 11 33 . 4 . 10 12 . 3 27 9 32 23 4 46 15 4 13 20 . Attach 130 | . 2 4 6 . . 11 5 1 . . 6 22 6 4 6 3 9 8 3 12 4 1 4 9 4 Detach 66 | . 1 . 1 . . 3 3 . 1 . 2 10 7 4 4 1 3 3 2 11 . . 6 4 . Swap 56 | . 1 . 3 . 5 1 5 2 . . 4 4 . . 11 1 4 2 1 1 . . 8 3 . Drop 306 | . 2 4 10 . 1 11 31 . 4 . 11 14 1 . 26 13 20 17 5 59 27 . 17 32 1 Fire 1324 | . 30 17 82 9 . 62 89 24 9 4 51 122 4 11 104 6 101 161 4 134 53 60 59 112 16 Melee 8 | . . . . . . . . . . . . . . . . . . . . . 6 1 . 1 . Ram . | . . . . . . . . . . . . . . . . . . . . . . . . . . Kick 2 | . . . . . . . . . . . . . . . . . . . . . . . . . 2 Crush 4 | . . . . . . . . . . . . . . . . . . . . . 2 . 1 1 . Escape Stasis 30 | . . . . . . . . 11 . . 6 . . . . . . . . . . . . 13 . Rewire 10 | . . . . . . 7 . . . . . . . . . . . . . . . . 2 1 . Trap . | . . . . . . . . . . . . . . . . . . . . . . . . . . Miscellaneous 15 | . . . . . . . . . . . . . . . 3 . . . . 2 5 . 2 3 . Route ------- -11/Scrapyard -10/Materials (discovered 5 exits: *Mat x3 / *Min x2) -10/Mines -9/Materials (discovered 4 exits: *Mat x2 / *Min x2) -9/Mines (discovered 3 exits: *Mat / [*Exi] / *Zio) -7/Zion -6/Proximity Caves -6/Factory (discovered 4 exits: *Fac x2 / *Ext x2) -6/Extension (discovered 2 exits: *Fac / *Cet) -6/Cetus (discovered 2 exits: *Fac / *Arc) -6/Archives (discovered 3 exits: *Fac / *Hub x2) -6/Hub_04(d) (discovered 4 exits: *Fac x4) -5/Factory (discovered 6 exits: *Fac x4 / *Upp x2) -5/Upper Caves -5/Upper Caves (discovered 2 exits: *Fac / *War) -4/Factory (discovered 4 exits: *Res x3 / *Upp) -4/Waste -4/Factory (discovered 4 exits: *Res x2 / *Upp / *Arm) -4/Armory (discovered 3 exits: *Res x2 / *Lab) -4/Lab -3/Research (discovered 5 exits: *Res x3 / *Qua x2) -3/Quarantine -2/Research -2/Testing (discovered 2 exits: *Acc / *Sec) -2/Section 7 -1/Access Tau Ceti IV Orbit History --------- Turn | Location | Event 1 | -11/Scrapyard | Discovered new exit (range 0) 1 | -11/Scrapyard | Entered Materials 31 | -10/Materials | Discovered new exit (range 11) 148 | -10/Materials | Discovered new exit (range 14) 307 | -10/Materials | Discovered new exit (range 12) 308 | -10/Materials | Build established: Mutant 328 | -10/Materials | Identified exit to Mines 357 | -10/Materials | Identified exit to Materials 924 | -10/Materials | Entered Mines 990 | -10/Mines | Met a Derelict bent on vengeance 1321 | -10/Mines | Learned 2 Materials zone layouts 1648 | -10/Mines | Assembled infested the area 1653 | -10/Mines | Assisted by a Guerilla fighting off Assembled 1825 | -10/Mines | Discovered exit to Materials (range 15) 1955 | -10/Mines | Entered Materials 1955 | -9/Materials | Evolved 2 slots: Propulsion x1, Utility x1 2962 | -9/Materials | Lost 4 parts (1p1n2w) 3165 | -9/Materials | Repaired Lgt. Treads 3184 | -9/Materials | Repaired Broken Lgt. Treads 3203 | -9/Materials | Discovered new exit (range 11) 3215 | -9/Materials | Identified exit to Mines 3834 | -9/Materials | Discovered new exit (range 4) 3837 | -9/Materials | Identified exit to Materials 3974 | -9/Materials | Discovered exit to Materials (range 13) 4064 | -9/Materials | Entered Mines 4238 | -9/Mines | Deemed a non-threat by the Exiles lab entrance 4238 | -9/Mines | Discovered new exit (range 5) 4316 | -9/Mines | Received a Mining Laser from a helpful Derelict 4355 | -9/Mines | Found a damaged Exp. Sensor Array with a note attached 4357 | -9/Mines | Found Prototype Device 4426 | -9/Mines | A Derelict revealed a hidden shortcut to a safe place 4430 | -9/Mines | Identified exit to Zion 4552 | -9/Mines | A weapon hastily lodged in a ceiling crevice suddenly fell to the ground 4653 | -9/Mines | Discovered exit to Materials (range 9) 4925 | -9/Mines | Entered Zion 4967 | -7/Zion | Received a hallucinogenic algorithm 5115 | -7/Zion | Found Prototype Device 5116 | -7/Zion | Identified Mobile Refinery Mk. CCLXVII 5172 | -7/Zion | Given the Hacking Drone Bay 5172 | -7/Zion | Found Prototype Device 5173 | -7/Zion | Identified Hacking Drone Bay 5294 | -7/Zion | Learned location of Testing (-2) 5442 | -7/Zion | Identified Exp. Sensor Array 5478 | -7/Zion | Imprinted 5480 | -7/Zion | Declared Zion's savior 5616 | -7/Zion | Discovered new exit (range 16) 5626 | -7/Zion | Identified exit to Proximity Caves 5761 | -7/Zion | Entered Proximity Caves 5761 | -6/Proximity Caves | Accompanied by 4 allies 5762 | -6/Proximity Caves | Spotted B-75 Beast 5783 | -6/Proximity Caves | Core integrity fell below 50% 5797 | -6/Proximity Caves | Destroyed B-75 Beast 5825 | -6/Proximity Caves | Lost 4 allies 5952 | -6/Proximity Caves | Learned Factory stockpile data 5969 | -6/Proximity Caves | Spotter reported a threat 6082 | -6/Proximity Caves | Attracted the attention of an 0b10 checkpoint 6197 | -6/Proximity Caves | Spotter reported a threat 6297 | -6/Proximity Caves | Spotter reported a threat 6541 | -6/Proximity Caves | Core integrity fell below 20% 6596 | -6/Proximity Caves | Lost 5 parts (2p2n1w) 6841 | -6/Proximity Caves | Build established: Scavenger-Mutant 7112 | -6/Proximity Caves | Attracted the attention of an 0b10 outpost 7176 | -6/Proximity Caves | Destroyed 12 combat bots 7194 | -6/Proximity Caves | Lost 9 parts (1p2n2u4w) 7512 | -6/Proximity Caves | Discovered new exit (range 8) 7533 | -6/Proximity Caves | Identified exit to Factory 7535 | -6/Proximity Caves | Entered Factory 7535 | -6/Factory | Accompanied by 2 allies 7535 | -6/Factory | Evolved 6 slots: Propulsion x1, Utility x4, Weapon x1 7536 | -6/Factory | Identified exit to Extension 7656 | -6/Factory | Retrieved Zion intel report: Component Stockpiles 7699 | -6/Factory | Destroyed 10 combat bots 7845 | -6/Factory | Retrieved Zion intel report: Component Schematics 7846 | -6/Factory | Zion Hover Resupply teleported in 7859 | -6/Factory | Found Prototype Launcher 7859 | -6/Factory | Identified Rocket Array 7885 | -6/Factory | First assault squad dispatched 7911 | -6/Factory | Retrieved Zion intel report: Emergency Access 7915 | -6/Factory | Retrieved Zion intel report: Trap Installations 8072 | -6/Factory | Repaired Adv. Heat Sink 8094 | -6/Factory | Repaired Rnf. Deuterium Engine 8134 | -6/Factory | Build established: Sprinter 8149 | -6/Factory | Repaired Exp. Sensor Array 8184 | -6/Factory | Repaired Broken Thermic Laser 8203 | -6/Factory | Repaired Imp. Utility Shielding 8238 | -6/Factory | Repaired Broken Imp. Medium Treads 8257 | -6/Factory | Repaired Imp. Light Armor Plating 8297 | -6/Factory | Repaired Cld. Cesium-ion Thruster 8337 | -6/Factory | Retrieved Zion intel report: Prototype Stockpiles 8385 | -6/Factory | Retrieved Zion intel report: Component Schematics 8408 | -6/Factory | Discovered new exit (range 16) 8438 | -6/Factory | Identified exit to Factory 8463 | -6/Factory | Spotted B-75 Beast 8468 | -6/Factory | Garrison activated, responded to threat 8485 | -6/Factory | Destroyed B-75 Beast 8506 | -6/Factory | Destroyed 7 combat bots 8518 | -6/Factory | Discovered exit to Factory (range 15) 8564 | -6/Factory | Cargo convoy interrupted 8674 | -6/Factory | Destroyed 8 combat bots 8698 | -6/Factory | Retrieved Zion intel report: Unaware Analyses 8756 | -6/Factory | Discovered exit to Extension (range 13) 8791 | -6/Factory | Retrieved Zion intel report: Component Schematics 8834 | -6/Factory | Garrison activated, responded to threat 8852 | -6/Factory | Retrieved Zion intel report: Guard Positions 8903 | -6/Factory | High security lockdown imminent 8983 | -6/Factory | High security lockdown engaged 9007 | -6/Factory | Entered Extension 9034 | -6/Extension | Rescued a captive Derelict 9035 | -6/Extension | Rescued a captive Derelict 9045 | -6/Extension | Rescued a captive Derelict 9047 | -6/Extension | Rescued a captive Derelict 9075 | -6/Extension | Rescued a captive Derelict 9076 | -6/Extension | Rescued a captive Derelict 9142 | -6/Extension | Spotted B-75 Beast 9144 | -6/Extension | Spotted B-75 Beast 9145 | -6/Extension | Destroyed B-75 Beast 9152 | -6/Extension | Destroyed B-75 Beast 9235 | -6/Extension | Discovered exit to Factory (range 16) 9235 | -6/Extension | Discovered new exit (range 15) 9263 | -6/Extension | Disrupted transfer network 9357 | -6/Extension | First assault squad dispatched 9364 | -6/Extension | Rescued a captive Derelict 9365 | -6/Extension | Rescued a captive Derelict 9382 | -6/Extension | Retrieved Zion intel report: Prototype Stockpiles 9387 | -6/Extension | Retrieved Zion intel report: Unaware Analyses 9401 | -6/Extension | Zion Recon squad teleported in 9419 | -6/Extension | Zion Light squad teleported in 9440 | -6/Extension | Destroyed 10 combat bots 9450 | -6/Extension | Retrieved Zion intel report: Active Terminals 9456 | -6/Extension | Rescued A7 9483 | -6/Extension | Identified exit to Cetus 9605 | -6/Extension | Destroyed 7 combat bots 9628 | -6/Extension | High security lockdown imminent 9648 | -6/Extension | Entered Cetus 9648 | -6/Cetus | Accompanied by 4 allies (A7) 9653 | -6/Cetus | Acquired a Cetus Manufacturing Module code from A7 9653 | -6/Cetus | Spotted Cetus Guard 9653 | -6/Cetus | Spotted Cetus Guard 9653 | -6/Cetus | Spotted Cetus Guard 9653 | -6/Cetus | Spotted Cetus Guard 9654 | -6/Cetus | Destroyed Cetus Guard 9654 | -6/Cetus | Destroyed Cetus Guard 9658 | -6/Cetus | Destroyed Cetus Guard 9658 | -6/Cetus | Destroyed Cetus Guard 9684 | -6/Cetus | Started Cetus Manufacturing Module 9688 | -6/Cetus | Discovered new exit (range 16) 9694 | -6/Cetus | Spotted Cetus Guard 9694 | -6/Cetus | Destroyed Cetus Guard 9695 | -6/Cetus | Spotted Cetus Guard 9698 | -6/Cetus | Destroyed Cetus Guard 9698 | -6/Cetus | Spotted Cetus Guard 9698 | -6/Cetus | Spotted Cetus Guard 9701 | -6/Cetus | Destroyed Cetus Guard 9704 | -6/Cetus | Destroyed Cetus Guard 9709 | -6/Cetus | Manufactured an Enhanced Grunt 9709 | -6/Cetus | Discovered exit to Factory (range 15) 9711 | -6/Cetus | Scared off Revision 17 9732 | -6/Cetus | Identified exit to Archives 9734 | -6/Cetus | Manufactured an Enhanced Grunt 9739 | -6/Cetus | Murdered A7 9739 | -6/Cetus | Destroyed A7 9740 | -6/Cetus | Extracted ID and sensor layout for unrecognized location from A7's data core 9759 | -6/Cetus | Manufactured an Enhanced Grunt 9784 | -6/Cetus | Manufactured an Enhanced Grunt 9799 | -6/Cetus | Entered Archives 9799 | -6/Archives | Accompanied by 6 allies 9834 | -6/Archives | Discovered new exit (range 14) 9844 | -6/Archives | Discovered new exit (range 16) 9849 | -6/Archives | Identified exit to Hub_04(d) 9856 | -6/Archives | Discovered exit to Factory (range 16) 9895 | -6/Archives | Entered Hub_04(d) 9895 | -6/Hub_04(d) | Accompanied by 5 allies 9896 | -6/Hub_04(d) | Spotted B-75 Beast 9898 | -6/Hub_04(d) | Destroyed B-75 Beast 9903 | -6/Hub_04(d) | Garrison activated, responded to threat 9924 | -6/Hub_04(d) | Garrison activated, responded to threat 9934 | -6/Hub_04(d) | Retrieved Zion intel report: Component Stockpiles 9935 | -6/Hub_04(d) | Zion Defense Resupply teleported in 9942 | -6/Hub_04(d) | Discovered exit to Factory (range 15) 9966 | -6/Hub_04(d) | Discovered exit to Factory (range 15) 9968 | -6/Hub_04(d) | Destroyed 8 combat bots 9985 | -6/Hub_04(d) | Lost 3 allies 10017 | -6/Hub_04(d) | Retrieved Zion intel report: Branch Access 10054 | -6/Hub_04(d) | Retrieved Zion intel report: Unaware Schematics 10071 | -6/Hub_04(d) | Retrieved Zion intel report: Component Schematics 10079 | -6/Hub_04(d) | Zion Light squad teleported in 10086 | -6/Hub_04(d) | Retrieved Zion intel report: Emergency Access 10088 | -6/Hub_04(d) | Destroyed 8 combat bots 10097 | -6/Hub_04(d) | Discovered exit to Factory (range 4) 10099 | -6/Hub_04(d) | Network Hub disabled 10114 | -6/Hub_04(d) | Retrieved Zion intel report: Depthwide Sectors/0 10123 | -6/Hub_04(d) | Retrieved Zion intel report: Prototype Stockpiles 10130 | -6/Hub_04(d) | Lost 3 parts (3w) 10132 | -6/Hub_04(d) | Spotted Lightning 10135 | -6/Hub_04(d) | Spotted Lightning 10140 | -6/Hub_04(d) | Destroyed Lightning 10145 | -6/Hub_04(d) | Destroyed Lightning 10169 | -6/Hub_04(d) | Found Prototype Device 10169 | -6/Hub_04(d) | Identified Exp. Phase Shifter 10174 | -6/Hub_04(d) | Spotted Lightning 10177 | -6/Hub_04(d) | Spotted Lightning 10179 | -6/Hub_04(d) | Destroyed Lightning 10179 | -6/Hub_04(d) | Spotted Lightning 10185 | -6/Hub_04(d) | Destroyed Lightning 10189 | -6/Hub_04(d) | System corruption reached 10% 10189 | -6/Hub_04(d) | Destroyed Lightning 10206 | -6/Hub_04(d) | Found Prototype Protection 10206 | -6/Hub_04(d) | Identified Zio. Weapon Casing 10218 | -6/Hub_04(d) | Found Prototype Device 10218 | -6/Hub_04(d) | Identified Exp. EM Disruption Field 10221 | -6/Hub_04(d) | Lost 4 parts (1p1n1u1w) 10223 | -6/Hub_04(d) | Found Prototype Processor 10223 | -6/Hub_04(d) | Identified Exp. Targeting Computer 10231 | -6/Hub_04(d) | Destroyed 7 combat bots 10236 | -6/Hub_04(d) | Discovered exit to Factory (range 5) 10238 | -6/Hub_04(d) | Lost 3 allies 10245 | -6/Hub_04(d) | First assault squad dispatched 10259 | -6/Hub_04(d) | Spotted Lightning 10259 | -6/Hub_04(d) | Spotted Lightning 10259 | -6/Hub_04(d) | Spotted Lightning 10259 | -6/Hub_04(d) | Destroyed Lightning 10268 | -6/Hub_04(d) | Destroyed Lightning 10281 | -6/Hub_04(d) | Allies destroyed Lightning 10284 | -6/Hub_04(d) | Retrieved Zion intel report: Active Garrisons 10292 | -6/Hub_04(d) | Retrieved Zion intel report: Unaware Schematics 10335 | -6/Hub_04(d) | Found Zio. Weapon Casing 10342 | -6/Hub_04(d) | Entered Factory 10342 | -5/Factory | Evolved 2 slots: Power x1, Utility x1 10349 | -5/Factory | Destroyed 11 combat bots 10371 | -5/Factory | Repaired Broken Adv. Signal Interpreter? 10419 | -5/Factory | Repaired Broken Cld. Field Propulsion Drive 10464 | -5/Factory | Repaired Broken Exp. Sensor Array 10497 | -5/Factory | Repaired Cld. Field Propulsion Drive 10513 | -5/Factory | Repaired Thermic Laser 10554 | -5/Factory | Repaired Broken Cld. Field Propulsion Drive 10595 | -5/Factory | Repaired Broken Cld. Field Propulsion Drive 10628 | -5/Factory | Repaired Cld. Field Propulsion Drive 10642 | -5/Factory | First assault squad dispatched 10651 | -5/Factory | Repaired Broken Thermic Laser 10669 | -5/Factory | Repaired Thermic Laser 10705 | -5/Factory | Repaired Centrium Medium Armor Plating 10741 | -5/Factory | Repaired Centrium Medium Armor Plating 10749 | -5/Factory | Repaired Hcp. Storage Unit 10787 | -5/Factory | Repaired Broken Exp. Heat Sink 10861 | -5/Factory | Repaired Broken Cld. Field Propulsion Drive 10898 | -5/Factory | Repaired Exp. Sensor Array 10919 | -5/Factory | Build established: Messiah-Sprinter 10919 | -5/Factory | Discovered new exit (range 10) 10925 | -5/Factory | Retrieved Zion intel report: Branch Access 10925 | -5/Factory | Identified exit to Upper Caves 10940 | -5/Factory | Identified exit to Factory 10946 | -5/Factory | Retrieved Zion intel report: Unaware Analyses 10969 | -5/Factory | Retrieved Zion intel report: Component Stockpiles 10977 | -5/Factory | Retrieved Zion intel report: Prototype Schematics 10988 | -5/Factory | Garrison activated, responded to threat 11042 | -5/Factory | Retrieved Zion intel report: Component Schematics 11052 | -5/Factory | Retrieved Zion intel report: Prototype Schematics 11071 | -5/Factory | Discovered exit to Factory (range 8) 11166 | -5/Factory | Discovered exit to Factory (range 16) 11205 | -5/Factory | Destroyed 7 combat bots 11209 | -5/Factory | Retrieved Zion intel report: Depthwide Sectors/0 11327 | -5/Factory | Garrison activated, responded to threat 11376 | -5/Factory | Retrieved Zion intel report: Emergency Access 11423 | -5/Factory | Retrieved Zion intel report: Unaware Analyses 11428 | -5/Factory | High security lockdown imminent 11431 | -5/Factory | Retrieved Zion intel report: Depthwide Sectors/-1 11432 | -5/Factory | Zion Heavy squad teleported in 11508 | -5/Factory | High security lockdown engaged 11524 | -5/Factory | Found Zio. Weapon Casing 11562 | -5/Factory | Destroyed 7 combat bots 11634 | -5/Factory | Discovered exit to Factory (range 12) 11724 | -5/Factory | Destroyed 24 combat bots 11761 | -5/Factory | Lost 3 parts (1p1n1u) 11828 | -5/Factory | Destroyed 8 combat bots 11860 | -5/Factory | Garrison activated, responded to threat 11891 | -5/Factory | Core integrity fell below 50% 11896 | -5/Factory | System corruption reached 10% 11933 | -5/Factory | Lost 5 parts (3u2w) 11974 | -5/Factory | Destroyed 37 combat bots 11974 | -5/Factory | Core integrity fell below 20% 11987 | -5/Factory | Entered Upper Caves 12303 | -5/Upper Caves | Attracted the attention of an 0b10 checkpoint 12318 | -5/Upper Caves | Identified exit to Upper Caves 12350 | -5/Upper Caves | Entered another Upper Caves area 12410 | -5/Upper Caves | Lost 3 parts (1p1n1w) 12438 | -5/Upper Caves | Learned Factory terminal intel 12548 | -5/Upper Caves | Discovered exit to Factory (range 9) 12661 | -5/Upper Caves | Build established: Mutant 13099 | -5/Upper Caves | Identified exit to Warlord 13282 | -5/Upper Caves | Attacked by a delusional Derelict stockpiling Unaware 13603 | -5/Upper Caves | Build established: Scavenger-Mutant 14066 | -5/Upper Caves | Entered Factory 14066 | -4/Factory | Evolved 2 slots: Utility x2 14067 | -4/Factory | Loaded intel: 26 terminal locations 14179 | -4/Factory | Retrieved Zion intel report: Active Terminals 14192 | -4/Factory | Retrieved Zion intel report: Depthwide Sectors/-1 14193 | -4/Factory | Zion Light squad teleported in 14211 | -4/Factory | Zion Heavy squad teleported in 14316 | -4/Factory | First assault squad dispatched 14459 | -4/Factory | Spotted B-86 Titan 14479 | -4/Factory | Allies destroyed B-86 Titan 14521 | -4/Factory | Retrieved Zion intel report: Emergency Access 14680 | -4/Factory | Build established: Messiah-Mutant 14762 | -4/Factory | Discovered new exit (range 4) 14765 | -4/Factory | Identified exit to Research 14908 | -4/Factory | Retrieved Zion intel report: Unaware Analyses 14948 | -4/Factory | Retrieved Zion intel report: Component Stockpiles 15041 | -4/Factory | Repaired Cld. Field Propulsion Drive 15103 | -4/Factory | Repaired Broken Cld. Field Propulsion Drive 15153 | -4/Factory | Repaired Cld. Field Propulsion Drive 15207 | -4/Factory | Repaired Centrium Medium Armor Plating 15238 | -4/Factory | Repaired Lgt. Antimatter Reactor 15273 | -4/Factory | Repaired Broken Thermic Laser 15298 | -4/Factory | Repaired Flexi-carbon Leg 15318 | -4/Factory | Repaired Hcp. Storage Unit 15384 | -4/Factory | Found Zio. Weapon Casing 15390 | -4/Factory | Found Prototype Protection 15390 | -4/Factory | Identified Zio. Heavy Carapace 15686 | -4/Factory | Discovered new exit (range 4) 15689 | -4/Factory | Identified exit to Upper Caves 15699 | -4/Factory | Retrieved Zion intel report: Prototype Schematics 15750 | -4/Factory | Repaired Exp. Heat Sink 15806 | -4/Factory | Repaired Broken Exp. Heat Sink 15852 | -4/Factory | Discovered exit to Research (range 6) 15867 | -4/Factory | Found Exp. Targeting Computer 15870 | -4/Factory | Found Faulty Exp. Targeting Computer 15881 | -4/Factory | Spotted B-86 Titan 15882 | -4/Factory | Destroyed B-86 Titan 15891 | -4/Factory | Discovered exit to Research (range 11) 15897 | -4/Factory | Terminal network hard line cut 16141 | -4/Factory | Destroyed 10 combat bots 16718 | -4/Factory | Lost 4 parts (2p2u) 16884 | -4/Factory | Sucked down chute 16884 | -4/Factory | Entered Waste 16893 | -4/Waste | Spotted C-40 Crusher 16895 | -4/Waste | Destroyed C-40 Crusher 16896 | -4/Waste | Spotted C-40 Crusher 16899 | -4/Waste | Destroyed C-40 Crusher 16920 | -4/Waste | Spotted C-40 Crusher 16922 | -4/Waste | Destroyed C-40 Crusher 16927 | -4/Waste | Spotted C-40 Crusher 16928 | -4/Waste | Destroyed C-40 Crusher 16952 | -4/Waste | Spotted C-40 Crusher 16955 | -4/Waste | Destroyed C-40 Crusher 16969 | -4/Waste | Build established: Messiah-Gunner 16978 | -4/Waste | Spotted C-40 Crusher 16979 | -4/Waste | Destroyed C-40 Crusher 17010 | -4/Waste | Discovered new exit (range 13) 17042 | -4/Waste | Warlord forces began an assault 17444 | -4/Waste | Identified exit to Factory 17472 | -4/Waste | Entered Factory 17472 | -4/Factory | Accompanied by 19 allies 17510 | -4/Factory | Garrison activated, responded to threat 17667 | -4/Factory | Build established: Messiah-Tank 17787 | -4/Factory | Discovered exit to Research (range 16) 17851 | -4/Factory | Retrieved Zion intel report: Emergency Access 17871 | -4/Factory | Retrieved Zion intel report: Unaware Analyses 17972 | -4/Factory | First assault squad dispatched 18003 | -4/Factory | Retrieved Zion intel report: Prototype Schematics 18295 | -4/Factory | Cargo convoy interrupted 18323 | -4/Factory | High security lockdown imminent 18324 | -4/Factory | Discovered exit to Upper Caves (range 14) 18399 | -4/Factory | Discovered exit to Research (range 12) 18401 | -4/Factory | Destroyed 9 combat bots 18403 | -4/Factory | High security lockdown engaged 18445 | -4/Factory | Garrison activated, responded to threat 18499 | -4/Factory | Build established: Messiah-Gunner 18551 | -4/Factory | Destroyed 8 combat bots 18675 | -4/Factory | Lost 5 allies 18708 | -4/Factory | Destroyed 12 combat bots 18803 | -4/Factory | Destroyed 16 combat bots 18953 | -4/Factory | Sterilization system engaged 18953 | -4/Factory | Non-combat units ordered to evacuate 19010 | -4/Factory | Destroyed 19 combat bots 19040 | -4/Factory | Lost 7 parts (3n2u2w) 19053 | -4/Factory | Combat units ordered to evacuate 19059 | -4/Factory | System corruption reached 10% 19253 | -4/Factory | Ambient heat levels rising (+10) 19295 | -4/Factory | Build established: Scavenger-Mutant 19403 | -4/Factory | Ambient heat levels rising (+10) 19488 | -4/Factory | Discovered new exit (range 12) 19499 | -4/Factory | Identified exit to Armory 19553 | -4/Factory | Ambient heat levels rising (+10) 19703 | -4/Factory | Ambient heat levels rising (+10) 19843 | -4/Factory | Build established: Scavenger-Gunner 19853 | -4/Factory | Ambient heat levels rising (+10) 20003 | -4/Factory | Ambient heat levels rising (+10) 20153 | -4/Factory | Ambient heat levels rising (+10) 20303 | -4/Factory | Ambient heat levels rising (+10) 20365 | -4/Factory | Entered Armory 20394 | -4/Armory | High security lockdown imminent 20452 | -4/Armory | Core integrity fell below 50% 20474 | -4/Armory | High security lockdown engaged 20525 | -4/Armory | Lost 3 parts (1p1n1u) 20551 | -4/Armory | Destroyed 22 combat bots 20720 | -4/Armory | Lost 4 parts (1p1n2w) 20741 | -4/Armory | Destroyed 18 combat bots 20827 | -4/Armory | Destroyed 25 combat bots 20981 | -4/Armory | Build established: Scavenger-Mutant 21045 | -4/Armory | Destroyed 26 combat bots 21134 | -4/Armory | Spotted B-86 Titan 21138 | -4/Armory | Destroyed B-86 Titan 21159 | -4/Armory | Destroyed 13 combat bots 21293 | -4/Armory | Sterilization system engaged 21293 | -4/Armory | Non-combat units ordered to evacuate 21393 | -4/Armory | Combat units ordered to evacuate 21418 | -4/Armory | Discovered exit to Research (range 5) 21453 | -4/Armory | Destroyed 52 combat bots 21542 | -4/Armory | Found Prototype Device 21542 | -4/Armory | Identified Exp. ECM Suite 21593 | -4/Armory | Ambient heat levels rising (+10) 21594 | -4/Armory | Build established: Scavenger-Scout 21601 | -4/Armory | Discovered exit to Research (range 3) 21731 | -4/Armory | Found Exp. Signal Interpreter 21743 | -4/Armory | Ambient heat levels rising (+10) 21753 | -4/Armory | Allied Derelicts emerged from ambush trap array 21804 | -4/Armory | Discovered new exit (range 3) 21808 | -4/Armory | Identified exit to Lab 21828 | -4/Armory | Entered Lab 21828 | -4/Lab | Accompanied by 3 allies 21839 | -4/Lab | Discovered exit to Research (range 9) 21843 | -4/Lab | Hidden lab's door opened automatically 21843 | -4/Lab | Sensor layout match revealed 21844 | -4/Lab | Gained access to the hidden lab's interior 21887 | -4/Lab | Found Alien Artifact 21889 | -4/Lab | Found Alien Artifact 21893 | -4/Lab | Found Alien Artifact 21895 | -4/Lab | Identified Integrated Reactor 21895 | -4/Lab | Installed Integrated Reactor, increased core energy generation (+10) 21896 | -4/Lab | Identified Core Regenerator 21896 | -4/Lab | Used Core Regenerator, restored core integrity (+287) 21923 | -4/Lab | Found Prototype Energy Gun 21923 | -4/Lab | Identified Tachyon Dispersion Ray 21926 | -4/Lab | Found Prototype Energy Cannon 21926 | -4/Lab | Identified Potential Cannon 21929 | -4/Lab | Found Prototype Protection 21929 | -4/Lab | Identified Exp. Powered Armor 21932 | -4/Lab | Found Prototype Hackware 21972 | -4/Lab | Found Alien Artifact 21983 | -4/Lab | Unable to decrypt terminal 21985 | -4/Lab | Entered Research 21985 | -3/Research | Evolved 2 slots: Propulsion x1, Utility x1 22007 | -3/Research | Identified Core Reset Matrix 22007 | -3/Research | Identified Transdimensional Reconstructor 22007 | -3/Research | Used Core Reset Matrix 22026 | -3/Research | Retrieved Zion intel report: Trap Installations 22043 | -3/Research | Found Unknown Device 22043 | -3/Research | Identified Quantum Capacitor 22060 | -3/Research | Identified Deep Network Scanner 22070 | -3/Research | Discovered new exit (range 9) 22084 | -3/Research | Retrieved Zion intel report: Prototype Schematics 22120 | -3/Research | Identified exit to Research 22121 | -3/Research | Found Prototype Processor 22134 | -3/Research | Identified Exp. Melee Analysis Suite 22300 | -3/Research | Found Unknown Protection 22300 | -3/Research | Identified Hvy. Reactive Plating 22334 | -3/Research | Build established: Wizard-Scout 22364 | -3/Research | Retrieved Zion intel report: Main Access 22383 | -3/Research | Retrieved Zion intel report: Unaware Analyses 22401 | -3/Research | Spotted B-86 Titan 22418 | -3/Research | Destroyed B-86 Titan 22423 | -3/Research | Retrieved Zion intel report: Prototype Stockpiles 22485 | -3/Research | First assault squad dispatched 22504 | -3/Research | Destroyed 7 combat bots 22506 | -3/Research | Spotted B-86 Titan 22509 | -3/Research | Destroyed B-86 Titan 22523 | -3/Research | Retrieved Zion intel report: Depthwide Sectors/0 22549 | -3/Research | Discovered new exit (range 14) 22553 | -3/Research | Identified exit to Quarantine 22646 | -3/Research | Build established: Wizard-Sprinter 22694 | -3/Research | Retrieved Zion intel report: Active Garrisons 22763 | -3/Research | Destroyed 14 combat bots 23028 | -3/Research | Retrieved Zion intel report: Prototype Schematics 23032 | -3/Research | Retrieved Zion intel report: Prototype Schematics 23083 | -3/Research | High security lockdown imminent 23114 | -3/Research | Retrieved Zion intel report: Prototype Schematics 23163 | -3/Research | High security lockdown engaged 23201 | -3/Research | Spotted B-86 Titan 23201 | -3/Research | Destroyed B-86 Titan 23362 | -3/Research | Destroyed 20 combat bots 23476 | -3/Research | Scanned by Researcher 23478 | -3/Research | Destroyed Investigator 23496 | -3/Research | Spotted Executioner 23497 | -3/Research | Destroyed Executioner 23543 | -3/Research | Sterilization system engaged 23543 | -3/Research | Non-combat units ordered to evacuate 23575 | -3/Research | Discovered exit to Quarantine (range 9) 23577 | -3/Research | Entered Quarantine 23578 | -3/Quarantine | Detected hypermatrix surge 23578 | -3/Quarantine | Sensed 18 artifacts in vicinity 23585 | -3/Quarantine | Destroyed 42 combat bots 23595 | -3/Quarantine | Retrieved Zion intel report: Prototype Schematics 23602 | -3/Quarantine | Found Matter Drive 23647 | -3/Quarantine | Found Subatomic Replicator 23656 | -3/Quarantine | Retrieved Zion intel report: Prototype Stockpiles 23672 | -3/Quarantine | Retrieved Zion intel report: Branch Access 23672 | -3/Quarantine | Discovered exit to Research (range 10) 23696 | -3/Quarantine | Found Terrabomb 23699 | -3/Quarantine | Found Terrabomb 23753 | -3/Quarantine | Retrieved Zion intel report: Active Terminals 23764 | -3/Quarantine | Retrieved Zion intel report: Unaware Analyses 23800 | -3/Quarantine | Retrieved Zion intel report: Unaware Schematics 23824 | -3/Quarantine | Retrieved Zion intel report: Unaware Schematics 23827 | -3/Quarantine | First assault squad dispatched 23851 | -3/Quarantine | Found Core Cannon 23869 | -3/Quarantine | Crushed by falling debris 23948 | -3/Quarantine | Destroyed 8 combat bots 23995 | -3/Quarantine | Build established: Wizard-Gunner 24033 | -3/Quarantine | Met incapacitated Sigix Warrior 24033 | -3/Quarantine | Lockdown squad dispatched 24039 | -3/Quarantine | Acquired the access code to the Sigix quarantine chamber 24043 | -3/Quarantine | Unlocked Sigix quarantine chamber 24142 | -3/Quarantine | Found Phase Armor 24167 | -3/Quarantine | Retrieved Zion intel report: Trap Installations 24208 | -3/Quarantine | Destroyed 8 combat bots 24247 | -3/Quarantine | Found Sigix Broadsword 24419 | -3/Quarantine | Destroyed 7 combat bots 24487 | -3/Quarantine | Retrieved Zion intel report: Active Garrisons 24539 | -3/Quarantine | Build established: Hacker-Mutant 24562 | -3/Quarantine | Spotted Alpha 7 24566 | -3/Quarantine | Destroyed Alpha 7 24587 | -3/Quarantine | Found Prototype Device 24587 | -3/Quarantine | Identified Exp. ECM Suite 24592 | -3/Quarantine | Found Prototype Processor 24592 | -3/Quarantine | Identified Exp. Target Analyzer 24619 | -3/Quarantine | Found Sigix Terminator 24754 | -3/Quarantine | Entered Research 24754 | -2/Research | Evolved 2 slots: Propulsion x1, Utility x1 25029 | -2/Research | First assault squad dispatched 25233 | -2/Research | High security lockdown imminent 25313 | -2/Research | High security lockdown engaged 25374 | -2/Research | Spotted B-90 Cyclops 25376 | -2/Research | Destroyed B-90 Cyclops 25524 | -2/Research | Destroyed Investigator 25547 | -2/Research | Discovered new exit (range 10) 25569 | -2/Research | Identified exit to Testing 25570 | -2/Research | Entered Testing 25582 | -2/Testing | Destroyed 31 combat bots 25630 | -2/Testing | Spotted Striker 25631 | -2/Testing | Spotted Striker 25712 | -2/Testing | Retrieved Zion intel report: Active Terminals 25737 | -2/Testing | Found Prototype Energy Cannon 25737 | -2/Testing | Identified Disintegrator 25820 | -2/Testing | First assault squad dispatched 25843 | -2/Testing | Retrieved Zion intel report: Trap Installations 25906 | -2/Testing | Found Prototype Energy Cannon 25906 | -2/Testing | Identified Hpw. Disruptor Cannon 25914 | -2/Testing | Repaired Broken Exp. Cooling System? 25920 | -2/Testing | Retrieved Zion intel report: Main Access 25920 | -2/Testing | Identified exit to Access 25956 | -2/Testing | Spotted PX-Y08NB8ZT1O 26114 | -2/Testing | Rewired PX-Y08NB8ZT1O 26148 | -2/Testing | Destroyed PX-Y08NB8ZT1O 26151 | -2/Testing | Found Exp. Transmission Jammer 26214 | -2/Testing | Destroyed 7 combat bots 26219 | -2/Testing | Retrieved Zion intel report: Prototype Schematics 26270 | -2/Testing | Retrieved Zion intel report: Unaware Analyses 26281 | -2/Testing | Retrieved Zion intel report: Emergency Access 26285 | -2/Testing | Retrieved Zion intel report: Depthwide Sectors/0 26289 | -2/Testing | Retrieved Zion intel report: Depthwide Sectors/-1 26347 | -2/Testing | High security lockdown imminent 26390 | -2/Testing | Found Prototype Launcher 26390 | -2/Testing | Identified Z-bomb Delivery System 26425 | -2/Testing | Spotted Fortress 26427 | -2/Testing | High security lockdown engaged 26435 | -2/Testing | Destroyed Fortress 26447 | -2/Testing | Found Centrium Heavy Armor Plating 26455 | -2/Testing | Found Vortex Chain Reactor 26458 | -2/Testing | Found Vortex Chain Reactor 26524 | -2/Testing | Discovered new exit (range 6) 26528 | -2/Testing | Identified exit to Section 7 26529 | -2/Testing | Entered Section 7 26530 | -2/Section 7 | Sensed 22 artifacts in vicinity 26558 | -2/Section 7 | Found Integrated Reactor 26558 | -2/Section 7 | Installed Integrated Reactor, increased core energy generation (+10) 26580 | -2/Section 7 | Retrieved Zion intel report: Emergency Access 26603 | -2/Section 7 | Found Integrated Mediator 26603 | -2/Section 7 | Installed Integrated Mediator, increased core attachment efficiency 26617 | -2/Section 7 | Retrieved Zion intel report: Unaware Schematics 26700 | -2/Section 7 | Retrieved Zion intel report: Branch Access 26719 | -2/Section 7 | Retrieved Zion intel report: Prototype Stockpiles 26796 | -2/Section 7 | High security lockdown imminent 26846 | -2/Section 7 | Spotted S7 Guard 26853 | -2/Section 7 | Destroyed S7 Guard 26859 | -2/Section 7 | Found Core Regenerator 26874 | -2/Section 7 | Destroyed 16 combat bots 26876 | -2/Section 7 | High security lockdown engaged 26902 | -2/Section 7 | Spotted B-90 Cyclops 26903 | -2/Section 7 | Destroyed B-90 Cyclops 26915 | -2/Section 7 | Spotted S7 Guard 26918 | -2/Section 7 | Destroyed S7 Guard 26924 | -2/Section 7 | Found Core Physics Calibrator 26975 | -2/Section 7 | Spotted Alpha 7 26983 | -2/Section 7 | Spotted Alpha 7 26984 | -2/Section 7 | Destroyed Alpha 7 26986 | -2/Section 7 | Destroyed Alpha 7 27007 | -2/Section 7 | Destroyed 32 combat bots 27017 | -2/Section 7 | Spotted B-99 Colossus 27022 | -2/Section 7 | Destroyed B-99 Colossus 27046 | -2/Section 7 | Spotted Executioner 27057 | -2/Section 7 | Destroyed Executioner 27078 | -2/Section 7 | Destroyed 15 combat bots 27145 | -2/Section 7 | Integrated with Sigix Exoskeleton 27166 | -2/Section 7 | Sigix Warrior commented on Exoskeleton integration 27209 | -2/Section 7 | Spotted Striker 27219 | -2/Section 7 | Destroyed Striker 27226 | -2/Section 7 | Spotted Striker 27226 | -2/Section 7 | Spotted Executioner 27226 | -2/Section 7 | Spotted Executioner 27227 | -2/Section 7 | Destroyed Executioner 27227 | -2/Section 7 | Destroyed Executioner 27228 | -2/Section 7 | Local machine network offline 27230 | -2/Section 7 | Spotted Executioner 27230 | -2/Section 7 | Destroyed Executioner 27232 | -2/Section 7 | Destroyed Striker 27253 | -2/Section 7 | Destroyed 21 combat bots 27309 | -2/Section 7 | Used Subatomic Replicator to replicate Core Expander 27310 | -2/Section 7 | Found Core Expander 27310 | -2/Section 7 | Installed Core Expander, added new Weapon slot 27312 | -2/Section 7 | Found Core Expander 27312 | -2/Section 7 | Installed Core Expander, added new Power slot 27314 | -2/Section 7 | Found Core Expander 27314 | -2/Section 7 | Installed Core Expander, added new Weapon slot 27316 | -2/Section 7 | Installed Core Expander, added new Weapon slot 27329 | -2/Section 7 | Found Core Expander 27329 | -2/Section 7 | Installed Core Expander, added new Power slot 27345 | -2/Section 7 | Found LRC Inertial Stabilizer 27345 | -2/Section 7 | Installed LRC Inertial Stabilizer, increased mass support (+10) 27348 | -2/Section 7 | Found LRC Inertial Stabilizer 27348 | -2/Section 7 | Installed LRC Inertial Stabilizer, increased mass support (+10) 27395 | -2/Section 7 | Spotted Executioner 27395 | -2/Section 7 | Spotted Executioner 27395 | -2/Section 7 | Spotted Executioner 27396 | -2/Section 7 | Destroyed Executioner 27396 | -2/Section 7 | Destroyed Executioner 27398 | -2/Section 7 | Spotted Executioner 27403 | -2/Section 7 | Spotted Striker 27403 | -2/Section 7 | Destroyed Executioner 27406 | -2/Section 7 | Destroyed Executioner 27408 | -2/Section 7 | Spotted Investigator 27408 | -2/Section 7 | Destroyed Striker 27409 | -2/Section 7 | Scanned by Researcher 27410 | -2/Section 7 | Intercept squad dispatched 27411 | -2/Section 7 | Destroyed Investigator 27418 | -2/Section 7 | Spotted Tracker 27419 | -2/Section 7 | Destroyed Tracker 27419 | -2/Section 7 | Spotted Tracker 27421 | -2/Section 7 | Destroyed Tracker 27433 | -2/Section 7 | Build established: Alien-Sigix 27437 | -2/Section 7 | Spotted Combat Programmer 27438 | -2/Section 7 | Destroyed Combat Programmer 27444 | -2/Section 7 | Spotted Combat Programmer 27448 | -2/Section 7 | Destroyed Combat Programmer 27469 | -2/Section 7 | Destroyed 32 combat bots 27497 | -2/Section 7 | Destroyed Executioner 27500 | -2/Section 7 | Destroyed Executioner 27520 | -2/Section 7 | Found Hpw. Transdimensional Reconstructor 27522 | -2/Section 7 | Found Transdimensional Reconstructor 27524 | -2/Section 7 | Found Transdimensional Reconstructor 27535 | -2/Section 7 | Sterilization system engaged 27535 | -2/Section 7 | Non-combat units ordered to evacuate 27580 | -2/Section 7 | Discovered exit to Access (range 18) 27610 | -2/Section 7 | Found Integrated Mediator 27610 | -2/Section 7 | Installed Integrated Mediator, increased core attachment efficiency 27635 | -2/Section 7 | Combat units ordered to evacuate 27636 | -2/Section 7 | Found Integrated Dissipator 27636 | -2/Section 7 | Installed Integrated Dissipator, increased core heat dissipation (+20) 27709 | -2/Section 7 | Found Microwarp Drive 27818 | -2/Section 7 | Entered Access 27818 | -1/Access | Evolved 2 slots (calibrated): -Power x1, Utility x6, -Weapon x3 27823 | -1/Access | Emitted hypermatrix ping 27828 | -1/Access | Assembled emerged from beneath the floor 27835 | -1/Access | Assembled emerged from beneath the floor 27845 | -1/Access | Zion Heavy squad teleported in 27885 | -1/Access | High security lockdown imminent 27905 | -1/Access | Retrieved Zion intel report: Unaware Analyses 27906 | -1/Access | Zion Zionite Resupply teleported in 27926 | -1/Access | Zion Thermal Resupply teleported in 27927 | -1/Access | Discovered new exit (range 14) 27954 | -1/Access | Assembled emerged from beneath the floor 27956 | -1/Access | Spotted B-99 Colossus 27956 | -1/Access | Spotted B-99 Colossus 27956 | -1/Access | Destroyed B-99 Colossus 27956 | -1/Access | Destroyed B-99 Colossus 27965 | -1/Access | High security lockdown engaged 27971 | -1/Access | Assembled emerged from beneath the floor 27981 | -1/Access | Spotted B-99 Colossus 27982 | -1/Access | Destroyed B-99 Colossus 27992 | -1/Access | Assembled emerged from beneath the floor 28022 | -1/Access | Destroyed 7 combat bots 28032 | -1/Access | Destroyed Striker 28034 | -1/Access | Spotted Striker 28035 | -1/Access | Destroyed Striker 28056 | -1/Access | Destroyed 10 combat bots 28132 | *** | Destroyed 0b10! Last Messages --------------- 28106_ W-44 Eye distress signal jammed. 28106_ Slug penetrates M-36 Artificer. 28107_ M-36 Artificer distress signal jammed. 28107_ Slug penetrates as-90196. 28107_ as-90196 destroyed. 28107_ as-57415 destroyed. 28107_ W-44 Eye distress signal jammed. 28107_ G-73 Enforcer destroyed. 28107_ as-62109 destroyed. 28108_ W-44 Eye distress signal jammed. 28108_ Slug penetrates G-73 Enforcer. 28110_ Slug penetrates as-95028. 28110_ as-95028 destroyed. 28110_ Slug penetrates G-73 Enforcer. 28111_ as-64223 destroyed. 28112_ H-88 Terminator critical meltdown. 28112_ Slug penetrates G-73 Enforcer. 28119_ as-03545 destroyed. 28131_ as-09155 destroyed. [Achievement: Derelict Escape] Map ----- +----------------------------------------------------+ | ## """ # # #^ ## | | # ## G # " # # | | ## """ # # # + | | # " # # ! %=[# ### | | # # " =*!# ### | | # # % # " ![# ###! | | # ## + ! + """ ! # ###! | | # ## # # """ # ### | | # ## # # " # "## | | "## ############### "##########+## "## | | "#"/"#" ############ ######## ### | | ## ############ [ %!] ### # ! ### | | ## ############!!! [!=!!### # %* ###] | | * "" ## ########## #!=!! !=*=!### # #### | | """## ############=**k%[!*!!### + #### | | T"## # ###!=!] ]!! ### * # #### | | """## # ###]!![ ########### #### | | "" ## # ###" """""" "### ! # ### | | ## # ###""""""""""### # =! ### | | ## # ###""""""""""### # !!=!! | | #/##### # = ###""""""""""### + !!*!! | | / + ##; ### * # %!=!] | | # ####### ### ### # !! ### | | # ####### ### ### # m ### | | + ################## "" ### ####"###### | | # ### ### "X ############ ##### | | # ### ### #############"###### | | # ### ### % ####### ! ##### | | # ### "" ### ####### [[[##### | | # ### "" ### a ####### "!!%!=#### | | + ## """""" ## % % ###### """![[##### | | # ## """""" ###""%%%%a aa####### """! ##### | | # ## "" ###"" %aaaaaa####### " "#### | | # ## "" ###"" a% %%[####### ##### | | # ## ###T %%!!%# ##### ###" | | # ## ###""%% =!%!!#######! ###"" | | # ## ##"""%%![!=!=#/[=######"+"#####"" | | # #########+#####"" "=[!!![**######### #####"" | | " [=*u=[!=*=|!g=!!!g!=%[ ##### | | # %![=*!%!=!%!%%=*=/*=[ ##### | | # ""#"###################### ##### | | # " ############## ###########" ######"" | | # """ "########################## ######"" | | # """ # ########### ######"" | | " # ########### ######" | | # """""" ##########" ######## | | " ""S""" [ ########### #######" | | # """ ########### ####### | | ########### # !=! ##########" ####### | | ########### " !=[!=/! ########### ####### | +----------------------------------------------------+ Best States ------------- Heat Dissipation 2646 Coolant Potential 320 Energy Generation 75 Energy Capacity 900 Matter Stores 300 Matter Capacity 300 Sight Range 23 Robot Scan Range 24 Terrain Scan Density 10 ECM Strength 2 Jamming Range 22 Power Amplification 20 Additional Mass Support 9 Base Temperature (-) 200 Corruption Block 15 Armor Coverage 1800 Resistance: KI 70 Resistance: TH 70 Resistance: EX 70 Resistance: EM 95 Resistance: I 70 Resistance: S 70 Resistance: P 70 Weapon Shielding 100 Melee Speed Boost 20 Phase Shifting 20 Evasion (%) 84 Targeting Accuracy 28 Target Analysis 11 Recoil Reduction 6 Energy Filtering 30 Particle Charging 30 Offensive Hacking 260 Authchip Count 2 Item Schematics ----------------- Biometal Heavy Treads | -3/Research | Scanalyzed Adv. Cryofiber Web | -3/Research | Scanalyzed Adv. Heavy Siege Treads | -3/Research | Scanalyzed Particle Accelerator | -3/Research | Scanalyzed Imp. Particle Charger | -3/Research | Scanalyzed Adv. Phase Shifter | -3/Research | Scanalyzed Adv. Targeting Computer | -3/Research | Scanalyzed Adv. Transmission Jammer | -3/Research | Scanalyzed Enh. Quantum Rifle | -3/Research | Scanalyzed Adv. Sensor Array | -3/Research | Scanalyzed Exp. Heat Sink | -3/Research | Scanalyzed Cld. Field Propulsion Drive | -3/Research | Scanalyzed Quantum Reactor | -3/Research | Scanalyzed Imp. Matter Neutralizer | -3/Research | Scanalyzed Cld. Antimatter Reactor | -3/Research | Scanalyzed Hvy. Wave Gun | -3/Research | Z-intel Exp. Myomer Leg | -3/Research | Z-intel Exp. Thermal Defense Suite | -3/Research | Z-intel Enh. Armored Medium Treads | -3/Research | Z-intel Exp. Power Amplifier | -3/Research | Z-intel Imp. Matter Compressor | -3/Research | Z-intel Hvy. Neutron Cannon | -3/Research | Z-intel Enh. Armored Leg | -3/Research | Z-intel Lrn. Phase Cannon | -3/Research | Z-intel Exp. Energy Well | -3/Research | Z-intel Prc. Matter Filter | -3/Research | Z-intel Hvy. Tesla Rifle | -3/Research | Z-intel Force Field | -3/Research | Scanalyzed Fusion Compressor | -3/Research | Scanalyzed Lrn. Terrain Scanner | -3/Research | Scanalyzed Adv. Melee Analysis Suite | -3/Research | Scanalyzed Exp. Melee Analysis Suite | -3/Research | Scanalyzed Lgt. Particle Reactor | -3/Research | Scanalyzed Imp. Core Shielding | -3/Research | Scanalyzed Hyp. Mass Driver | -3/Research | Scanalyzed Nanoactuators | -3/Research | Scanalyzed Imp. Melee Analysis Suite | -3/Research | Scanalyzed Point Defense Array | -3/Research | Scanalyzed Imp. Remote Shield | -3/Research | Scanalyzed Flexi-carbon Leg | -3/Research | Scanalyzed Field Laser | -3/Research | Scanalyzed Cld. Nuclear Pulse Thruster | -3/Research | Scanalyzed Hvy. Gatling Laser | -3/Research | Z-intel Exp. Matter Compressor | -3/Research | Z-intel Hvy. Antimatter Reactor | -3/Research | Z-intel Centrium Heavy Armor Plating | -3/Research | Z-intel Adv. Energy Well | -3/Research | Z-intel Prc. Phase Gun | -3/Research | Z-intel Adv. Dynamic Insulation System | -3/Research | Z-intel Helical Railgun | -3/Research | Z-intel Adv. EM Disruption Field | -3/Research | Z-intel Adv. KE Penetrator | -3/Research | Z-intel Exp. System Shield | -3/Research | Z-intel Diametric Drive | -3/Research | Z-intel Cld. Antigrav System | -3/Research | Z-intel Thunder Hammer | -3/Research | Z-intel Exp. Targeting Computer | -3/Research | Z-intel Plasma Lance | -3/Research | Z-intel Cld. Gravmag System | -3/Research | Z-intel Exp. Focal Shield | -3/Research | Z-intel Imp. Thermal Defense Suite | -3/Research | Z-intel Imp. KE Penetrator | -3/Research | Z-intel Exp. Hacking Suite | -3/Research | Z-intel Kinetic Spear | -3/Research | Z-intel Com. Particle Reactor | -3/Research | Z-intel Exp. Core Shielding | -3/Research | Z-intel Imp. Energy Well | -3/Research | Z-intel Adv. Thermal Defense Suite | -3/Research | Z-intel Nanosword | -3/Research | Z-intel Hvy. Proton Cannon | -3/Research | Z-intel Gravity Neutralizer | -3/Research | Z-intel Enh. Biometal Leg | -3/Research | Z-intel Exp. EM Disruption Field | -3/Quarantine | Z-intel Enh. Fission Core | -3/Quarantine | Z-intel Adv. Variable Charge Gun | -3/Quarantine | Z-intel Tiamat Missile Launcher | -3/Quarantine | Z-intel Plasma Sword | -3/Quarantine | Z-intel Adv. Myomer Leg | -3/Quarantine | Z-intel Mni. Smartbomb Launcher | -3/Quarantine | Z-intel Adv. Micro-nuke Launcher | -3/Quarantine | Z-intel Hdn. Centrium Wheel | -3/Quarantine | Z-intel Graviton Reactor | -3/Quarantine | Z-intel Prc. Energy Filter | -3/Quarantine | Archive Imp. Diametric Drive | -3/Quarantine | Archive Electron Diverter | -3/Quarantine | Archive Tesla Bomb Launcher | -3/Quarantine | Archive Com. Tesla Bomb Launcher | -3/Quarantine | Archive Adv. Kinecellerator | -3/Quarantine | Archive Lgt. Antimatter Cannon | -2/Testing | Archive Hvy. Dispersion Rifle | -2/Testing | Archive Exp. Biometal Leg | -2/Testing | Archive Molecular Scythe | -2/Testing | Archive Exp. Cesium-ion Thruster | -2/Testing | Archive Exp. Q-thruster | -2/Testing | Archive Cld. Q-thruster | -2/Testing | Archive Centrium Medium Armor Plating | -2/Testing | Archive Exp. Flexi-carbon Leg | -2/Testing | Archive Exp. Cooling System | -2/Testing | Z-intel Impact Mace | -2/Testing | Z-intel Imp. Quantum Reactor | -2/Testing | Z-intel Cld. Plasma Rifle | -2/Testing | Z-intel Adv. Gravity Neutralizer | -2/Testing | Z-intel Hellfire Missile Launcher | -2/Testing | Z-intel Exp. System Guard | -2/Testing | Z-intel Beam Splitter | -2/Testing | Z-intel Imp. Q-thruster | -2/Testing | Z-intel Enh. Coil Gun | -2/Testing | Z-intel Adv. Remote Datajack | -2/Testing | Scanalyzed Robot Schematics ------------------ A-27 Freighter | -3/Quarantine | Archive T-07 Excavator | -3/Quarantine | Archive L-61 Swordsman | -3/Quarantine | Z-intel S-43 Plague | -3/Quarantine | Z-intel K-01 Serf | -3/Quarantine | Z-intel B-74 Champion | -3/Quarantine | Z-intel A-15 Conveyor | -3/Quarantine | Z-intel E-15 Imp | -3/Quarantine | Z-intel A-02 Transporter | -3/Quarantine | Z-intel O-32 Director | -3/Quarantine | Z-intel Y-72 Warden | -2/Section 7 | Z-intel R-10 Processor | -2/Section 7 | Z-intel C-57 Dissector | -2/Section 7 | Z-intel C-65 Expert | -2/Section 7 | Z-intel H-88 Terminator | -2/Section 7 | Z-intel Fabricated ------------ Nothing Alien Tech Used ----------------- Integrated Reactor Core Regenerator Core Reset Matrix Sigix Broadsword Integrated Mediator Sigix Exoskeleton Sigix Sheargun Subatomic Replicator Core Expander LRC Inertial Stabilizer Matter Drive Integrated Dissipator Core Physics Calibrator Microwarp Drive Achievements -------------- Derelict Escape Challenges ------------ None Game ------ Seed ChargeElectronPlating Manual? 0 Play Time 07:27:58 Cumulative 572.3 hours Start 2024.02.27 @ 09:10:33 End 2024.02.29 @ 00:39:56 Sessions 31 Manual Loads 0 Difficulty Adventurer Special Mode None Game No. 110 Rogue 63 Adventurer 47 Explorer 0 Win Type 3 Total 23 Types 6/3/1/6/1/1/1/2/2 Lore% 82 Gallery% 90 Achievement% 80 Wizard Run 0 Options --------- Layout 0 ASCII 0 Keyboard 0 Movement Mouse Keybinds 0 Fullscreen 2 Font 18/X11 Map View 76x50 Zoom Use 0% Tactical HUD 1 Map Filters NONE Filters NONE Steam 1 RUN: 99eb0a7f-5f8e-4742-9f83-cdea532c3b58